 Dungeon Crawl Stone Soup version 0.31-a0-978-g1e143483b6 (webtiles) character file.

Game seed: 14381331910271934240

1978403 EnegeticOcto the Ex Machina (level 27, 161/193 HPs)
             Began as a Felid Chaos Knight on Oct 29, 2023.
             Was a Favourite Plaything of Xom.
             Escaped with the Orb
             ... and 3 runes on Oct 30, 2023!
             The game lasted 01:55:42 (51451 turns).

EnegeticOcto the Ex Machina (Felid Chaos Knight)   Turns: 51451, Time: 01:55:43

Health: 161/193    AC: 31    Str: 15    XL:     27
Magic:  24/24      EV: 60    Int: 16    God:    Xom [..*...]
Gold:   3896       SH:  0    Dex: 33    Spells: 12/26 levels left
                                        Lives:  2   Deaths: 4

rFire   + .          .
                       - Unarmed
rCold   + . .        (shield unavailable)
rNeg    + . .        (body armour unavailable)
rPois   ∞            (helmet unavailable)
rElec   +            (cloak unavailable)
rCorr   .            (gloves unavailable)
SInv    +            (boots unavailable)
Will    ++++.        s - amulet of regeneration
Stlth   ++           Q - ring of the Kissing Fool {rC+ Str+3 Int+2 SInv}
HPRegen 1.32/turn    G - +6 ring of dexterity
MPRegen 0.19/turn

%: no passive effects
@: statue-form, very slow
A: slow and powerful, torment resistance 1, boosted hp, very small, claws 1,
fangs 3, see invisible, (speed 1), (shaggy fur 3), stealthy paws, no weapons or
thrown items, no armour, multi-lived, horns 1, deterioration 1, fire resistance
1, robust 1, strong 1, MP-powered wands
0: Orb of Zot
}: 3/15 runes: decaying, serpentine, silver
a: Begin Untransformation, Renounce Religion


You escaped.
You worshipped Xom.
You were a toy of Xom.
You were a living statue of rough stone.
You visited 10 branches of the dungeon, and saw 50 of its levels.
You also visited: Wizlab.

You collected 9317 gold pieces.
You spent 5421 gold pieces at shops.

Inventory:

Jewellery
 s - an amulet of regeneration (around neck)
   (You found it on level 5 of the Dungeon)
 F - a +4 ring of protection
   (You found it on level 5 of the Lair of Beasts)
 G - a +6 ring of dexterity (right paw)
   (You found it on level 10 of the Dungeon)
 O - a ring of willpower
   (You bought it in a shop on level 2 of the Orcish Mines)
 Q - the ring of the Kissing Fool (left paw) {rC+ Str+3 Int+2 SInv}
   (You took it off a deep elf zephyrmancer on level 3 of the Elven Halls)

   [ring of protection from cold]

   Str+3:     It affects your strength (+3).
   Int+2:     It affects your intelligence (+2).
   rC+:       It protects you from cold.
   SInv:      It lets you see invisible.
 S - a ring of protection from cold
   (You found it on level 4 of the Depths)
 T - a ring of flight
   (You found it on level 1 of the Crypt)
 W - the ring "Uthoublu" {rF+ rCorr}
   (You acquired it on level 3 of the Depths)

   [ring of resist corrosion]

   rF+:       It protects you from fire.
   rCorr:     It protects you from acid and corrosion.
 Z - a ring of wizardry
   (You found it on level 5 of the Vaults)
Talismans
 p - a dragon-blood talisman
   (You found it on level 5 of the Dungeon)
 H - a granite talisman (active)
   (You found it on level 3 of the Lair of Beasts)
Wands
 c - a wand of quicksilver (17) {@v1}
   (You found it on level 2 of the Dungeon)
 q - a wand of flame (95) {@v4}
   (You found it on level 5 of the Dungeon)
 r - a wand of mindburst (38)
   (You found it on level 15 of the Dungeon)
 y - a wand of charming (61)
   (You took it off Jeremiah on level 6 of the Dungeon)
 B - a wand of iceblast (60) {@v2}
   (You found it on level 3 of the Lair of Beasts)
 L - a wand of digging (10) {@v3}
   (You found it on level 2 of the Elven Halls)
 N - a wand of polymorph (17)
   (You found it on level 12 of the Dungeon)
Scrolls
 a - a scroll of butterflies
 b - a scroll of silence {!r}
 f - 18 scrolls of teleportation {@r3 !r}
 k - 4 scrolls of fear {!r}
 t - a scroll of revelation {@r5 !r}
 u - a scroll of torment
 v - 4 scrolls of blinking {@r4}
 w - 7 scrolls of fog {!r}
 x - 8 scrolls of vulnerability
 A - 10 scrolls of amnesia
 D - 5 scrolls of poison
 J - 7 scrolls of summoning
 U - a scroll of immolation
Potions
 d - 27 potions of curing {@q1 !q}
 e - 11 potions of mutation
 g - 7 potions of might {@q3 !q}
 h - 16 potions of heal wounds {@q2 !q}
 i - 8 potions of haste {@q4 !q}
 j - 3 potions of invisibility
 l - 4 potions of magic
 m - 4 potions of lignification {@q6}
 o - 4 potions of cancellation
 z - 4 potions of ambrosia
 C - 6 potions of enlightenment
 E - 5 potions of brilliance
 I - 3 potions of resistance
 K - 3 potions of berserk rage
 M - 6 potions of attraction
 X - a potion of experience
Miscellaneous
 n - a sack of spiders
   (You found it on level 3 of the Snake Pit)
 R - a lightning rod (4/4)
   (You found it on level 3 of the Swamp)
 V - a condenser vane
   (You found it on level 1 of the Depths)
 Y - a phantom mirror (inert)
   (You found it on level 5 of the Vaults)


   Skills:
 + Level 20.8 Fighting
 O Level 27 Dodging
 - Level 9.0 Stealth
 + Level 21.9 Unarmed Combat
 - Level 12.0 Translocations
 - Level 5.0 Air Magic
 O Level 27 Evocations
 - Level 20.0 Shapeshifting


You had 12 spell levels left.
You knew the following spells:

 Your Spells              Type           Power      Damage    Failure   Level
a - Vhi's Electric Charg  Tloc/Air       54%        N/A       8%          4
b - Dispersal             Tloc           19%        N/A       28%         6
c - Apportation           Tloc           76%        N/A       1%          1
V - Swiftness             Air            16%        N/A       10%         3

Your spell library contained the following spells:

 Spells                   Type           Power      Damage    Failure   Level
 Gell's Gravitas          Tloc           38%        N/A       1%          3
 Teleport Other           Tloc           38%        N/A       1%          3
 Manifold Assault         Tloc           38%        N/A       1%          4
 Passage of Golubria      Tloc           38%        N/A       1%          4
 Shock                    Conj/Air       32%        1d5       9%          1
 Foxfire                  Conj/Fire      0%         2x1d4     26%         1
 Kiss of Death            Conj/Necr      0%         2d5       26%         1
 Magic Dart               Conj           0%         1d3       26%         1
 Necrotise                Necr           0%         1d4       26%         1
 Slow                     Hex            0%         N/A       26%         1
 Summon Small Mammal      Summ           0%         N/A       26%         1
 Airstrike                Air            8%         2d(2-18)  32%         4
 Searing Ray              Conj           0%         2d4       36%         2
 Summon Forest            Summ/Tloc      9%         N/A       52%         5
 Call Canine Familiar     Summ           0%         N/A       58%         3
 Confusing Touch          Hex            0%         N/A       58%         3
 Frozen Ramparts          Ice            0%         1d1       58%         3
 Inner Flame              Hex/Fire       0%         N/A       58%         3
 Ozocubu's Armour         Ice            0%         N/A       58%         3
 Sigil of Binding         Hex            0%         N/A       58%         3
 Summon Guardian Golem    Hex/Summ       0%         N/A       58%         3
 Vampiric Draining        Necr           0%         2d6       58%         3
 Summon Lightning Spire   Summ/Air       8%         N/A       65%         4
 Anguish                  Hex/Necr       0%         N/A       94%         4
 Brom's Barrelling Bould  Conj/Erth      0%         2d3       94%         4
 Cause Fear               Hex            0%         N/A       94%         4
 Dispel Undead            Necr           0%         3d6       94%         4
 Flame Wave               Conj/Fire      0%         2d4       94%         4
 Fulminant Prism          Conj/Hex       0%         3d5       94%         4
 Leda's Liquefaction      Hex/Erth       0%         N/A       94%         4
 Petrify                  Tmut/Erth      0%         N/A       94%         4
 Sticky Flame             Conj/Fire      0%         2d3       94%         4
 Summon Ice Beast         Ice/Summ       0%         N/A       94%         4
 Arcjolt                  Conj/Air       4%         1d14      94%         5
 Silence                  Hex/Air        4%         N/A       94%         5
 Agony                    Necr           0%         N/A       100%        5
 Alistair's Intoxication  Tmut/Pois      0%         N/A       100%        5
 Borgnjor's Vile Clutch   Necr/Erth      0%         N/A       100%        5
 Fireball                 Conj/Fire      0%         3d3       100%        5
 Iskenderun's Battlesphe  Conj           0%         2d6       100%        5
 Lee's Rapid Deconstruct  Erth           0%         3d4*      100%        5
 Metabolic Englaciation   Hex/Ice        0%         N/A       100%        5
 Summon Mana Viper        Hex/Summ       0%         N/A       100%        5
 Conjure Ball Lightning   Conj/Air       4%         3x3d6     100%        6
 Eringya's Noxious Bog    Tmut/Pois      0%         4d6       100%        6
 Plasma Beam              Fire/Air       4%         2x1d14    100%        6
 Simulacrum               Ice/Necr       0%         N/A       100%        6
 Summon Cactus Giant      Summ           0%         N/A       100%        6
 Enfeeble                 Hex            0%         N/A       100%        7
 Haunt                    Necr/Summ      0%         N/A       100%        7
 Monstrous Menagerie      Summ           0%         N/A       100%        7
 Orb of Destruction       Conj           0%         9d5       100%        7
 Ozocubu's Refrigeration  Ice            0%         4d7       100%        7
 Borgnjor's Revivificati  Necr           0%         N/A       100%        8
 Discord                  Hex            0%         N/A       100%        8
 Disjunction              Tloc           19%        N/A       100%        8
 Infestation              Necr           0%         N/A       100%        8
 Lehudib's Crystal Spear  Conj/Erth      0%         10d2      100%        8
 Death's Door             Necr           0%         N/A       100%        9
 Fire Storm               Conj/Fire      0%         5d1       100%        9
 Dimensional Bullseye     Hex/Tloc       Unusable   N/A       N/A         4
 Animate Armour           Summ/Erth      Unusable   N/A       N/A         4

Dungeon Overview and Level Annotations

Branches:
Dungeon (15/15)            Temple (0/1) D:7            Lair (5/5) D:10
  Swamp (4/4) Lair:3        Snake (4/4) Lair:2        Slime (0/5) Lair:4
    Orc (2/2) D:11            Elf (3/3) Orc:2        Vaults (5/5) D:14
  Crypt (3/3) Vaults:3       Tomb (0/3) Crypt:3      Depths (4/4) D:15
    Zot (5/5) Depths:4     WizLab (visited)

Altars:
Ashenzari
Cheibriados
Fedhas
Hepliaklqana
Kikubaaqudgha
Makhleb
Okawaru
Ru
Trog
Wu Jian
Xom
Zin
Jiyva
Lugonu

Shops:
Orc:2 *=([[   Elf:1 (   Elf:2 :   Snake:1 (=*   Snake:3 *   Snake:4 ?:
Vaults:5 *![*!!?!   Depths:2 ?

Portals:
Hell: Depths:1 Depths:2 Depths:3 Depths:4
Abyss: Depths:1 Depths:3 Depths:4
Pandemonium: Depths:2 Depths:4
Ziggurat: Depths:2

Annotations:
Orc:2 2 transporters
Zot:4 2 transporters
Zot:5 1 exclusion


Innate Abilities, Weirdness & Mutations

You are a living statue of rough stone.
Your actions are slow, but your melee attacks are powerful.
You are resistant to unholy torment.
Your maximum health is greatly increased.
You are immune to poison.
You have sharp claws.
You have razor-sharp teeth.
You have supernaturally acute eyesight. (SInv)
((You cover ground quickly. (Speed+)))
((Your thick and shaggy fur keeps you warm. (AC +3, rC+)))
Your paws help you pounce on unaware monsters.
You are incapable of wielding weapons or throwing items.
You cannot wear armour.
You gain extra lives every three experience levels.
You have a pair of small horns on your head.
Your body sometimes deteriorates upon taking damage.
Your flesh is heat resistant. (rF+)
You are robust. (+10% HP)
Your muscles are strong. (Str +4, Int/Dex -1)
You expend magic power (3 MP) to strengthen your wands.


Message History

There is an open door here.
There is an open door here.
There is a stone staircase leading up here.
You climb upwards.
There is a stone staircase leading down here.
A Hell Sentinel comes into view.
Unknown command.
The Hell Sentinel is engulfed in seething chaos.
The Hell Sentinel suddenly seems more resistant.
There is a stone staircase leading up here.
Your trail of clouds dissipates.
The Hell Sentinel is engulfed in seething chaos.
You climb upwards.
There is a stone staircase leading down here.
(D) Dungeon (T) Temple (L) Lair (S) Swamp (P) Snake Pit (M) Slime Pits (O) Orcish Mines (E) Elven Halls (V) Vaults (C) Crypt (W) Tomb (U) Depths (H) Hell (Z) Zot
Where to? (Tab/Enter - D:1 @ (x,y), ? - help)
There is a stone staircase leading up here.
You climb upwards.
There is a stone staircase leading down here.
A lorocyproca comes into view.
There is a stone staircase leading up here.
You climb upwards.
There is a stone staircase leading down here.
(D) Dungeon (T) Temple (L) Lair (S) Swamp (P) Snake Pit (M) Slime Pits (O) Orcish Mines (E) Elven Halls (V) Vaults (C) Crypt (W) Tomb (U) Depths (H) Hell (Z) Zot
Where to? (Tab/Enter - D:1 @ (x,y), ? - help)
There is a stone staircase leading up here.
You climb upwards.
There is a stone staircase leading down here.
There is a stone staircase leading up here.
You climb upwards.
There is a stone staircase leading down here.
A rust devil comes into view.
Charge where?
Press: ? - help, Q - select action, (/) - cycle Dir - move target, f - rust devil
Aim: a rust devil (92% to hit)
You charge forward with an electric crackle!
You eviscerate the rust devil!!!!
You kill the rust devil!
(D) Dungeon (T) Temple (L) Lair (S) Swamp (P) Snake Pit (M) Slime Pits (O) Orcish Mines (E) Elven Halls (V) Vaults (C) Crypt (W) Tomb (U) Depths (H) Hell (Z) Zot
Where to? (Tab/Enter - D:1 @ (x,y), ? - help)
There is a stone staircase leading up here.
You climb upwards.
There is a stone staircase leading down here.
Magic restored.
There is a stone staircase leading up here.
You climb upwards.
There is a stone staircase leading down here.
An Orb Guardian comes into view.
There is a stone staircase leading up here.
You climb upwards.
There is a stone staircase leading down here.
(D) Dungeon (T) Temple (L) Lair (S) Swamp (P) Snake Pit (M) Slime Pits (O) Orcish Mines (E) Elven Halls (V) Vaults (C) Crypt (W) Tomb (U) Depths (H) Hell (Z) Zot
Where to? (Tab/Enter - D:1 @ (x,y), ? - help)
You see here a +0 robe.
There is a stone staircase leading up here.
You climb upwards.
There is a stone staircase leading down here.
There is an escape hatch in the ceiling here.
Really go through this one-way escape hatch?
A mysterious force pulls you upwards. The hatch slams shut behind you.
(D) Dungeon (T) Temple (L) Lair (S) Swamp (P) Snake Pit (M) Slime Pits (O) Orcish Mines (E) Elven Halls (V) Vaults (C) Crypt (W) Tomb (U) Depths (H) Hell (Z) Zot
Where to? (Tab/Enter - D:1 @ (x,y), ? - help) Xom's power almost touches on you for a moment.
Your eyebrows briefly feel incredibly bushy.
(D) Dungeon (T) Temple (L) Lair (S) Swamp (P) Snake Pit (M) Slime Pits (O) Orcish Mines (E) Elven Halls (V) Vaults (C) Crypt (W) Tomb (U) Depths (H) Hell (Z) Zot
Where to? (Tab/Enter - D:1 @ (x,y), ? - help)
A Tzitzimitl comes into view.
You eviscerate the Tzitzimitl!!!
You headbutt the Tzitzimitl, but do no damage.
You claw the Tzitzimitl!
The Tzitzimitl is heavily wounded.
The Tzitzimitl calls on the powers of darkness!
Your body is wracked with pain!
You mangle the Tzitzimitl!!
You headbutt the Tzitzimitl, but do no damage.
The Tzitzimitl is severely wounded.
The Tzitzimitl completely misses you. x2
You eviscerate the Tzitzimitl!!!!
You kill the Tzitzimitl!
There is an open door here.
There is a staircase leading out of the dungeon here.
You have escaped!

#.........#
###.#######.#
.....#
#.##########
###..#
#..........#
###..#
##########.#
.....#
#######.#
###..#
#.....#.#
##.##
#.###.#.#
#...##
#.'8'.#.#
#.#..#
#.###.#.#
###....#
#.......#
#......#
#######.#
#.####.# #.#
#.# #.#
####.# #.#
#.# #....#
#.# #.#
#.#### #.#
#.# #.#


There were no monsters in sight!

Vanquished Creatures
  A dread lich (Zot:5)
  Khufu (Crypt:3)
  2 orbs of fire
  Josephina (Zot:2)
  Boris (twice) (Crypt:1 Depths:4)
  3 Killer Klowns
  Vv (Crypt:2)
  Frederick (Vaults:2)
  Saint Roka (Crypt:1)
  3 curse toes
  10 golden dragons
  The ghost of Ruycyam the Imperceptible, a veteran TeGl of Uskayaw (Depths:4)
  A bone dragon (Crypt:3)
  A profane servitor (Crypt:3)
  A Tzitzimitl (D:1)
  3 electric golems
  A hellephant (Zot:2)
  A Hell Sentinel (Zot:2)
  11 Orb Guardians
  2 Ice Fiends
  20 tentacled monstrosities
  7 quicksilver dragons
  6 liches
  7 sphinxes
  8 titans
  4 ancient champions
  Gastronok (Lair:2)
  Aizul (Snake:3)
  17 storm dragons
  Kirke (D:15)
  9 shadow dragons
  9 death cobs
  9 tengu reavers
  2 revenants
  7 nagarajas (Snake:4)
  6 draconian monks
  5 fire giants
  5 draconian knights
  4 frost giants
  12 deep elf sorcerers (Elf:3)
  3 iron dragons
  A caustic shrike zombie (Depths:2)
  19 vault wardens
  A shard shrike simulacrum (Crypt:3)
  5 curse skulls
  2 ghost moths
  A cacodemon (Depths:4)
  The ghost of PotatoSalad1221 the Middleweight Champion, an adept DrSh of Hepliaklqana (Swamp:4)
  A balrug (Depths:1)
  2 orc warlords
  2 draconian scorchers
  3 draconian stormcallers
  Louise (Depths:3)
  A spriggan defender (Depths:3)
  2 ghouls
  5 formless jellyfish
  7 draconian shifters
  4 draconian annihilators
  10 stone giants
  14 very ugly things
  15 black draconians
  23 ironbound preservers
  3 war gargoyles
  6 ironbound thunderhulks
  2 reapers
  9 green draconians
  2 vampire knights
  3 bunyips
  16 purple draconians
  3 eleionomae
  6 deep elf annihilators
  3 deep elf demonologists
  The ghost of temujin the Sorcerer, a journeyman DECj of Sif Muna (D:12)
  12 dire elephants
  12 spark wasps
  The ghost of sanka the Bludgeoner, a journeyman FoMo of Zin (Lair:3)
  6 yellow draconians
  10 ettins
  12 white draconians
  6 red draconians
  6 deep elf death magi
  Snorg (Lair:5)
  A blizzard demon (Depths:2)
  2 mummy priests (Crypt:3)
  6 eidola
  20 jiangshi
  6 deep elf high priests
  A shambling mangrove (Swamp:4)
  11 fire dragons
  23 yaktaur captains
  4 great orbs of eyes
  2 entropy weavers
  2 rakshasas
  The ghost of Omnilove the Unseen, a journeyman KoBr of Wu Jian (Lair:1)
  A quicksilver dragon skeleton (Crypt:3)
  7 ice dragons
  2 ghost crabs
  An ogre mage (Vaults:5)
  3 peacekeepers
  24 hydras
  Erica (Lair:1)
  5 salamander tyrants
  3 spriggan air magi
  A catoblepas (Lair:3)
  33 vault guards
  6 alligators
  8 anacondas
  29 dancing weapons
  7 centaur warriors
  6 ironbound frosthearts
  3 death knights
  3 boulder beetles
  7 two-headed ogres
  An orc high priest (Orc:2)
  A tengu warrior (D:13)
  9 naga warriors
  6 deep troll shamans
  8 deep troll earth magi
  8 shock serpents
  3 spriggan berserkers
  Urug (Lair:5)
  A soul eater (Depths:2)
  11 vampire magi
  An occultist (Depths:1)
  15 naga sharpshooters
  4 hell knights (Depths:3)
  15 deep elf knights
  4 sun demons
  A sixfirhy (Zot:2)
  3 skysharks
  9 salamander mystics
  17 skeletal warriors
  7 iron trolls
  6 shadow wraiths
  4 death drakes
  43 deep trolls
  7 spriggan druids
  A tengu zombie (Depths:2)
  3 goliath frogs
  2 sea snakes (Snake:2)
  A spectral death yak (Lair:3)
  6 swamp dragons
  2 shadow demons
  5 deep elf archers
  A spectral hydra (Lair:3)
  6 flayed ghosts
  2 naga ritualists (Snake:3)
  5 glowing orange brains
  4 arcanists
  An anaconda skeleton (Crypt:2)
  10 orc knights
  7 lindwurms
  6 bog bodies
  18 ironbound convokers
  A golden dragon skeleton (Depths:2)
  7 phantasmal warriors
  5 orc sorcerers
  A harpy (Vaults:2)
  A glowing shapeshifter (Depths:4)
  7 necromancers
  24 ugly things
  28 deep elf zephyrmancers
  29 salamanders
  A wolf spider (Lair:5)
  8 mana vipers
  2 stone giant zombies
  2 manticores
  A faun (shapeshifter) (Depths:2)
  23 deep elf pyromancers
  34 elephants
  A moth of wrath (shapeshifter) (Vaults:5)
  A shadow dragon skeleton (Depths:2)
  A salamander (shapeshifter) (D:13)
  3 will-o-the-wisps (Swamp:3)
  5 cyclopes
  21 moths of wrath
  A rust devil (D:6)
  A stone giant skeleton (Vaults:1)
  A faun (Lair:1)
  38 black mambas
  15 naga magi
  2 smoke demons
  A water nymph (shapeshifter) (Vaults:5)
  16 vault sentinels
  12 cane toads
  9 guardian serpents
  A storm dragon simulacrum (Zot:2)
  A gargoyle (D:12)
  The ghost of Zigma the Ruffian, a novice DrSh of Qazlal (D:4)
  A red draconian zombie (Crypt:2)
  Maggie (D:6)
  3 orange demons
  2 kobold demonologists (D:13)
  12 freezing wraiths
  2 yaktaurs (shapeshifter)
  3 unseen horrors
  An elf zombie (Vaults:1)
  8 komodo dragons
  A catoblepas zombie (Crypt:2)
  2 efreet
  Jeremiah (D:6)
  2 tormentors
  A pale draconian skeleton (Crypt:2)
  6 rime drakes
  3 tengu conjurers
  3 guardian mummies (Crypt:3)
  An elf (Vaults:4)
  7 polar bears
  44 yaktaurs
  14 trolls
  A harpy zombie (Crypt:2)
  A bloated husk (Swamp:1)
  A mana viper zombie (Crypt:1)
  20 hornets
  13 tyrant leeches
  A tarantella (shapeshifter) (Depths:4)
  A wind drake (shapeshifter) (D:14)
  2 wolf spider simulacra (D:13)
  A shadow dragon simulacrum (Zot:2)
  A jumping spider zombie (Crypt:2)
  A dream sheep (shapeshifter) (D:15)
  A glass eye (Depths:2)
  18 blink frogs
  A spectral black mamba (Lair:3)
  A human simulacrum (Vaults:1)
  3 air elementals
  25 slime creatures
  A vampire (D:9)
  A ynoxinul (D:12)
  52 flying skulls
  4 centaur simulacra
  26 spriggans
  11 wraiths
  2 water elementals
  4 shadows
  2 fire bats (Depths:3)
  A human (shapeshifter) (Depths:2)
  4 basilisks
  A green draconian simulacrum (Zot:2)
  2 hogs (D:15)
  13 wyverns
  42 yaks
  A basilisk (shapeshifter) (Elf:1)
  A death yak simulacrum (Lair:3)
  A redback (shapeshifter) (Depths:3)
  A fire elemental (Elf:1)
  A steam dragon (D:10)
  A red draconian simulacrum (Zot:2)
  12 vampire mosquitoes
  2 redbacks (Lair:5)
  A warg (shapeshifter) (D:14)
  Menkaure (D:7)
  4 wargs
  6 large abominations
  A harpy simulacrum (Crypt:3)
  47 nagas
  9 swamp worms
  A glowing shapeshifter zombie (Vaults:1)
  3 acid dragons
  21 water moccasins
  2 water nymph skeletons (Crypt:2)
  3 sky beasts
  33 orc warriors
  A dream sheep zombie (Crypt:1)
  5 black bears
  2 ice beasts (D:13)
  4 centaurs
  11 swamp drakes
  2 boggarts
  10 small abominations
  7 ogres
  20 wolves
  A swamp dragon skeleton (Crypt:2)
  3 kobold brigands
  Blork the orc (Orc:2)
  13 bullfrogs
  2 earth elementals
  7 necrophages
  A gnoll sergeant (D:9)
  3 scorpions
  A water moccasin zombie (D:5)
  6 wights
  A wyvern skeleton (Crypt:2)
  2 warg zombies
  3 killer bees (D:10)
  A raiju skeleton (Crypt:1)
  14 electric eels
  2 howler monkeys
  A bullfrog zombie (D:5)
  7 lava snakes (Snake:4)
  A centaur zombie (D:5)
  A black bear zombie (Crypt:2)
  2 gnoll boudas
  21 orc priests
  4 hounds
  2 sleepcaps
  13 iguanas
  18 orc wizards
  A hound zombie (D:5)
  21 gnolls
  8 adders
  A swamp drake skeleton (Crypt:2)
  2 shadow imps
  5 white imps
  An ufetubus (D:13)
  2 dart slugs
  2 worms
  73 orcs
  7 bats
  6 endoplasms
  3 giant cockroaches
  6 goblins
  6 hobgoblins
  12 jackals
  2 quokkas
  8 ball pythons
  A dart slug zombie (Crypt:2)
  2 frilled lizards
  16 kobolds
  7 rats
2143 creatures vanquished.

Vanquished Creatures (collateral kills)
  An ancient lich (Vaults:5)
  A dread lich (Zot:5)
  A Killer Klown (Zot:5)
  A storm dragon (Vaults:5)
  A draconian stormcaller (Zot:2)
  An ironbound preserver (Vaults:1)
  3 ironbound thunderhulks
  3 very ugly things
  A red draconian (Zot:2)
  A deep elf death mage (Crypt:3)
  2 yaktaur captains
  2 vault guards
  A boulder beetle (Vaults:4)
  An ice dragon (Depths:3)
  An ironbound frostheart (Vaults:4)
  2 two-headed ogres (D:8)
  A naga sharpshooter (Snake:2)
  2 skeletal warriors (Crypt:3)
  A sea snake (Snake:2)
  4 deep trolls
  2 arcanists
  An ironbound convoker (Vaults:4)
  A mana viper (Snake:4)
  An orc sorcerer (Orc:1)
  An ugly thing (Depths:3)
  2 salamanders
  A vault sentinel (Vaults:4)
  An alligator snapping turtle skeleton (Crypt:1)
  4 guardian mummies (Crypt:3)
  A hornet (Depths:3)
  3 blink frogs (Lair:5)
  2 flying skulls (Crypt:3)
  2 fire bats (Depths:3)
  An acid dragon (D:8)
  2 swamp worms
  A water moccasin (Lair:2)
  4 orc warriors
  An ice beast (D:8)
  An ogre (Orc:1)
  A komodo dragon zombie (Crypt:1)
  A wight (D:9)
  An electric eel (Snake:2)
  2 orc priests (Orc:1)
  An orc wizard (Orc:1)
  A hound zombie (Crypt:1)
  A white imp (D:8)
  4 orcs (Crypt:1)
75 creatures vanquished.

Vanquished Creatures (others)
  A draconian knight (Zot:2)
  An orc warlord (Orc:2)
  A spriggan air mage (WizLab)
  An ironbound frostheart (Vaults:1)
  2 dancing weapons
  A deep elf knight (Elf:2)
  A spriggan (Swamp:1)
  A salamander mystic (Snake:4)
  2 deep trolls
  A deep elf pyromancer (Elf:1)
  A deep elf zephyrmancer (Elf:1)
  A salamander (Snake:2)
  A naga mage (Snake:3)
  A black mamba (Snake:3)
  A bloated husk (Swamp:2)
  A hornet (Swamp:1)
  5 flying skulls (Crypt:3)
  2 air elementals (WizLab)
  A human (D:15)
  A wyvern (Lair:5)
  3 water moccasins (Lair:5)
  An orc warrior (Vaults:5)
  7 orcs
  8 foxfires (Swamp:3)
46 creatures vanquished.

Grand Total: 2264 creatures vanquished

Notes
Turn   | Place    | Note
-------+----------+-------------------------------------------
     0 | D:1      | EnegeticOcto the Felid Chaos Knight began the quest for the
                  | Orb.
     0 | D:1      | Reached XP level 1. HP: 10/10 MP: 2/2
   109 | D:1      | XOM: potion effect (heal wounds)
   112 | D:1      | Reached skill level 1 in Stealth
   116 | D:1      | XOM: smoke on damage
   119 | D:1      | Reached skill level 2 in Stealth
   215 | D:1      | Reached XP level 2. HP: 14/14 MP: 3/3
   278 | D:1      | Reached skill level 3 in Stealth
   486 | D:1      | XOM: silly message
   596 | D:1      | XOM: noise
   668 | D:1      | XOM: noise
   850 | D:2      | Reached XP level 3. HP: 17/17 MP: 4/4
   871 | D:2      | XOM: noise
   971 | D:2      | Found a glowing silver altar of Zin.
  1019 | D:2      | XOM: smoke on damage
  1086 | D:2      | XOM: scenery: 1 doors open
  1099 | D:2      | Reached skill level 4 in Dodging
  1122 | D:2      | XOM: god gift: sedimented amethyst potion {god gift}
  1394 | D:2      | XOM: give mutation
  1394 | D:2      | Gained mutation: Your muscles are strong. (Str +4, Int/Dex
                  | -1) [Xom's grace]
  1400 | D:2      | XOM: give mutations
  1400 | D:2      | Gained mutation: A frigid envelope surrounds you and
                  | freezes all who hurt you. [Xom's grace]
  1400 | D:2      | Gained mutation: Your mind is acute. (Int +4, Str/Dex -1)
                  | [Xom's grace]
  1400 | D:2      | Gained mutation: You are somewhat resistant to further
                  | mutation. [Xom's grace]
  1400 | D:2      | Gained mutation: Your flesh is heat resistant. (rF+) [Xom's
                  | grace]
  1547 | D:2      | Reached XP level 4. HP: 21/21 MP: 5/5
  1549 | D:2      | XOM: 1-stop teleportation journey
  1575 | D:2      | XOM: summons 3 hostile demons
  1814 | D:3      | Reached skill level 4 in Unarmed Combat
  1818 | D:3      | Noticed a black bear
  1818 | D:3      | XOM: swap monsters
  1823 | D:3      | Killed a black bear
  1824 | D:3      | Reached skill level 5 in Unarmed Combat
  1824 | D:3      | Reached XP level 5. HP: 22/24 MP: 6/6
  1985 | D:3      | XOM is BORED!
  2067 | D:3      | XOM: confusion
  2086 | D:3      | XOM: 8-stop teleportation journey
  2770 | D:4      | Found a runed translucent door.
  2772 | D:4      | XOM: summons 1 hostile demon
  2778 | D:4      | Noticed Zigma's ghost (novice DrSh)
  2832 | D:4      | XOM: confusion
  2835 | D:4      | XOM: fog
  2894 | D:4      | XOM: smoke on damage
  2957 | D:3      | Gained mutation: You are covered in thick fur. (AC +2)
                  | [Felid growth]
  2957 | D:3      | Reached XP level 6. HP: 16/28 MP: 7/7
  3084 | D:3      | XOM: noise
  3131 | D:4      | Reached skill level 1 in Shapeshifting
  3255 | D:4      | XOM: summons 4 hostile demons
  3256 | D:4      | Noticed a chaos spawn
  3256 | D:4      | Noticed a soul eater
  3256 | D:4      | XOM: smoke on damage
  3256 | D:4      | Slain by a soul eater
  3467 | D:5      | Entered Level 5 of the Dungeon
  3493 | D:5      | XOM: give mutations
  3493 | D:5      | Lost mutation: A frigid envelope surrounds you and freezes
                  | all who hurt you. [Xom's mischief]
  3493 | D:5      | Gained mutation: Your flesh is very heat resistant. (rF++)
                  | [Xom's mischief]
  3521 | D:5      | Reached skill level 5 in Dodging
  3523 | D:5      | Slain by a white imp
  3676 | D:5      | XOM: potion effect (invisibility)
  3681 | D:5      | Reached skill level 4 in Fighting
  3681 | D:5      | Reached skill level 2 in Shapeshifting
  3721 | D:5      | Found a hazy altar of Hepliaklqana.
  3825 | D:5      | Found an iron altar of Okawaru.
  3825 | D:5      | XOM: 1-stop teleportation journey
  3890 | D:5      | XOM: enchant monster (bad)
  3901 | D:5      | Reached XP level 7. HP: 32/32 MP: 8/8
  3978 | D:5      | XOM: destruction
  4058 | D:5      | Reached skill level 6 in Dodging
  4074 | D:5      | XOM: god gift: +5 vampiric glaive
  4152 | D:5      | Noticed a troll
  4170 | D:5      | XOM: fog
  4175 | D:5      | XOM: fog
  4262 | D:5      | XOM: god gift: +4 ring of protection
  4265 | D:5      | Reached skill level 3 in Shapeshifting
  4348 | D:5      | XOM: give mutation
  4348 | D:5      | Lost mutation: Your mind is acute. (Int +4, Str/Dex -1)
                  | [Xom's mischief]
  4488 | D:5      | Found a blossoming altar of Fedhas.
  4559 | D:5      | Reached skill level 5 in Fighting
  4574 | D:5      | XOM is BORED!
  4574 | D:5      | XOM: enchant monster (bad)
  4589 | D:5      | Reached skill level 7 in Dodging
  4610 | D:5      | Reached skill level 4 in Shapeshifting
  4617 | D:5      | Reached XP level 8. HP: 37/37 MP: 9/9
  4743 | D:5      | XOM: silly message
  4772 | D:5      | Reached skill level 5 in Shapeshifting
  4832 | D:6      | Noticed Jeremiah
  5128 | D:6      | XOM: confuse monster(s)
  5131 | D:6      | Reached skill level 6 in Shapeshifting
  5139 | D:6      | Noticed Maggie
  5143 | D:6      | XOM: blink monster(s)
  5151 | D:7      | XOM: noise
  5428 | D:7      | Reached skill level 7 in Shapeshifting
  5435 | D:7      | XOM: divination: detect items
  5524 | D:6      | Found a snail-covered altar of Cheibriados.
  5567 | D:7      | XOM: enchant monster (good)
  5570 | D:7      | Reached skill level 1 in Evocations
  5576 | D:7      | Found a broken altar of Ashenzari.
  5644 | D:7      | Noticed Menkaure
  5647 | D:7      | Killed Menkaure
  5652 | D:7      | XOM: potion effect (haste)
  5679 | D:7      | XOM: noise
  5687 | D:7      | Reached skill level 6 in Unarmed Combat
  5687 | D:7      | Reached skill level 2 in Evocations
  5696 | D:7      | XOM: cleaving
  5704 | D:7      | XOM: confuse monster(s)
  5723 | D:7      | XOM: cast spell 'Discord'
  5726 | D:7      | XOM: confuse monster(s)
  5750 | D:7      | Reached skill level 6 in Fighting
  5750 | D:7      | Reached XP level 9. HP: 29/41 MP: 10/10
  5761 | D:7      | Reached skill level 7 in Fighting
  5790 | D:7      | XOM: god gift: fluorescent wand {god gift}
  5823 | D:7      | Found a staircase to the Ecumenical Temple.
  6042 | D:6      | Found a burning altar of Makhleb.
  6093 | D:6      | XOM: fake destruction
  6109 | D:6      | XOM: polymorph hound -> boggart
  6120 | D:6      | XOM: confuse monster(s)
  6351 | D:6      | Killed Jeremiah
  6352 | D:6      | Reached skill level 8 in Dodging
  6352 | D:6      | Reached skill level 3 in Evocations
  6481 | D:6      | Reached skill level 4 in Evocations
  6540 | D:6      | XOM: cloud trail
  6559 | D:6      | Killed Maggie
  6560 | D:6      | Reached skill level 8 in Shapeshifting
  6687 | D:4      | XOM: divination: magic mapping
  6703 | D:4      | XOM: summons 5 friendly demons
  6706 | D:4      | Killed Zigma's ghost
  6707 | D:4      | Reached skill level 5 in Evocations
  6968 | D:8      | Noticed a two-headed ogre
  6969 | D:8      | XOM: confuse monster(s)
  6974 | D:8      | XOM: confuse monster(s)
  6981 | D:8      | Killed a two-headed ogre
  6982 | D:8      | Reached skill level 9 in Shapeshifting
  6982 | D:8      | Reached XP level 10. HP: 43/47 MP: 11/11
  7130 | D:8      | Reached skill level 10 in Shapeshifting
  7166 | D:8      | XOM: fog
  7177 | D:8      | Noticed a two-headed ogre
  7177 | D:8      | Paralysed by a hornet for 1 turns
  7371 | D:8      | XOM: potion effect (brilliance)
  7401 | D:8      | Noticed a cyan ugly thing
  7446 | D:8      | XOM: silly message
  7451 | D:8      | Killed a brown ugly thing
  7451 | D:8      | Slain by a troll
  7452 | D:8      | Reached skill level 11 in Shapeshifting
  7483 | D:8      | XOM: 1-stop teleportation journey
  7690 | D:8      | XOM: 1-stop teleportation journey
  7916 | D:8      | XOM: give mutations
  7916 | D:8      | Gained mutation: You are somewhat resistant to both further
                  | mutation and mutation removal. [Xom's grace]
  7916 | D:8      | Gained mutation: You are robust. (+10% HP) [Xom's grace]
  8011 | D:8      | XOM: god gift: 4 stones
  8099 | D:8      | XOM: summons 8 friendly demons
  8108 | D:8      | Killed a two-headed ogre
  8109 | D:8      | Reached skill level 12 in Shapeshifting
  8120 | D:8      | XOM: noise
  8140 | D:8      | XOM is BORED!
  8140 | D:8      | XOM: noise
  8162 | D:9      | XOM: scenery: 1 doors close
  8164 | D:9      | XOM: summons 8 friendly demons
  8166 | D:9      | XOM: summons 1 friendly demon
  8185 | D:9      | XOM: enchant monster (bad)
  8198 | D:9      | XOM: summons friendly quasit
  8211 | D:9      | Reached XP level 11. HP: 55/55 MP: 12/12
  8437 | D:9      | Reached skill level 13 in Shapeshifting
  8537 | D:9      | Found a bloodstained altar of Trog.
  8537 | D:9      | Found a glowing silver altar of Zin.
  8538 | D:9      | Found an ancient bone altar of Kikubaaqudgha.
  8585 | D:9      | Learned a level 3 spell: Swiftness
  8667 | D:9      | XOM: cloud trail
  8969 | D:10     | Entered Level 10 of the Dungeon
  8987 | D:10     | You are sucked into a shaft and drop 1 floor!
  9010 | D:11     | XOM: divination: detect creatures
  9022 | D:11     | Reached skill level 4 in Stealth
  9037 | D:11     | Noticed a brown ugly thing
  9039 | D:11     | XOM: noise
  9049 | D:11     | Noticed a two-headed ogre
  9052 | D:11     | XOM: confuse monster(s)
  9069 | D:11     | Reached skill level 5 in Stealth
  9072 | D:11     | Killed a two-headed ogre
  9112 | D:11     | XOM: summons 6 friendly demons
  9118 | D:11     | Reached skill level 6 in Stealth
  9140 | D:11     | Identified a scroll of acquirement
  9141 | D:11     | Acquired a manual of Evocations
  9164 | D:11     | Noticed a two-headed ogre
  9165 | D:11     | Found a staircase to the Orcish Mines.
  9167 | D:11     | XOM: divination: magic mapping
  9169 | D:11     | Killed a two-headed ogre
  9170 | D:11     | Reached skill level 7 in Unarmed Combat
  9199 | D:11     | Noticed a two-headed ogre
  9199 | D:11     | XOM: summons friendly iron imp
  9205 | D:11     | Killed a two-headed ogre
  9210 | D:11     | XOM: cast spell 'Call Canine Familiar'
  9218 | D:11     | Killed a brown ugly thing
  9219 | D:11     | Reached skill level 8 in Fighting
  9219 | D:11     | Reached skill level 6 in Evocations
  9268 | D:11     | XOM: 1-stop teleportation journey
  9321 | D:11     | XOM: silly message
  9430 | D:11     | XOM: 4-stop teleportation journey
  9471 | D:11     | XOM: god gift: staff of air
  9518 | D:11     | XOM: noise
  9684 | D:10     | Noticed a two-headed ogre
  9691 | D:10     | Killed a two-headed ogre
  9717 | D:10     | XOM: confuse monster(s)
  9721 | D:10     | Found a staircase to the Lair.
  9746 | D:10     | Reached skill level 7 in Evocations
  9801 | D:10     | Gained mutation: Your thick and shaggy fur keeps you warm.
                  | (AC +3, rC+) [Felid growth]
  9801 | D:10     | Reached XP level 12. HP: 44/61 MP: 13/13
 10119 | D:10     | Found a sacrificial altar of Ru.
 10141 | Lair:1   | Entered Level 1 of the Lair of Beasts
 10304 | Lair:1   | XOM: confuse monster(s)
 10305 | Lair:1   | Reached skill level 8 in Unarmed Combat
 10306 | Lair:1   | Reached skill level 8 in Evocations
 10313 | Lair:1   | Reached skill level 14 in Shapeshifting
 10356 | Lair:1   | Found a runed translucent door.
 10357 | Lair:1   | Noticed Omnilove's ghost (journeyman KoBr)
 10359 | Lair:1   | Identified the +4 trident "Spider's Curse" {pain, rN+ SInv}
 10493 | Lair:1   | Noticed Erica
 10542 | Lair:1   | Killed Erica
 10615 | Lair:1   | XOM: fake destruction
 10620 | Lair:1   | XOM: confusion (+ monsters)
 10632 | Lair:1   | Reached skill level 9 in Fighting
 10632 | Lair:1   | XOM: confuse monster(s)
 10637 | Lair:1   | XOM: swap monsters
 10839 | Lair:1   | XOM: enchant monster (bad)
 10844 | Lair:1   | Reached skill level 9 in Evocations
 10904 | Lair:1   | XOM: draining
 10951 | Lair:1   | XOM: chaos upgrade
 10954 | Lair:1   | XOM: confusion
 10962 | Lair:1   | Reached skill level 9 in Dodging
 11067 | Lair:1   | XOM: summons 4 hostile shadow creatures
 11069 | Lair:1   | XOM: butterfly on damage
 11072 | Lair:1   | Slain by a yak
 11389 | Lair:1   | XOM: cloud trail
 11416 | Lair:1   | XOM: god gift: 8 stones
 11534 | Lair:1   | XOM: 2-stop teleportation journey
 11596 | Lair:1   | XOM: fog
 11716 | Lair:2   | Noticed Gastronok
 11716 | Lair:2   | XOM: divination: detect items
 11821 | Lair:2   | XOM: divination: magic mapping
 11825 | Lair:2   | XOM: confuse monster(s)
 11899 | Lair:2   | Reached skill level 10 in Evocations
 11961 | Lair:2   | Reached skill level 9 in Unarmed Combat
 11984 | Lair:2   | XOM: scenery: create altars
 11987 | Lair:2   | Found a staircase to the Snake Pit.
 11999 | Lair:2   | XOM: cast spell 'Leda's Liquefaction'
 12081 | Lair:2   | XOM: scenery: summon butterflies
 12125 | Lair:2   | Reached skill level 10 in Dodging
 12129 | Lair:2   | Reached XP level 13. HP: 59/67 MP: 14/14
 12152 | Lair:2   | XOM: give mutations
 12152 | Lair:2   | Gained mutation: Your muscles are very strong. (Str +8,
                  | Int/Dex -2) [Xom's grace]
 12152 | Lair:2   | Gained mutation: You possess an exceptional clarity of
                  | mind. [Xom's grace]
 12154 | Lair:2   | XOM: butterfly on damage
 12157 | Lair:2   | Killed Gastronok
 12168 | Lair:2   | XOM: cast spell 'Summon Mana Viper'
 12178 | Lair:2   | XOM: polymorph mana viper -> two-headed ogre
 12254 | Lair:2   | Reached skill level 10 in Fighting
 12624 | Lair:3   | XOM: enchant monster (good)
 12627 | Lair:3   | XOM: 4-stop teleportation journey
 12773 | Lair:3   | XOM: summons friendly shadow imp
 12798 | Lair:3   | XOM: fake destruction
 12800 | Lair:3   | XOM: destruction
 12817 | Lair:3   | Reached skill level 11 in Dodging
 12960 | Lair:3   | Found a runed translucent gate.
 12961 | Lair:3   | Found a runed translucent gate.
 12965 | Lair:3   | Found a staircase to the Swamp.
 13001 | Lair:3   | Reached skill level 15 in Shapeshifting
 13046 | Lair:3   | Reached skill level 10 in Unarmed Combat
 13089 | Lair:3   | XOM: scenery: summon butterflies
 13167 | Lair:3   | Found a runed translucent gate.
 13167 | Lair:3   | Noticed sanka's ghost (journeyman FoMo)
 13219 | Lair:3   | XOM: god gift: 6 stones
 13296 | Lair:4   | XOM: fog
 13408 | Lair:4   | Found a viscous altar of Jiyva.
 13409 | Lair:4   | Found a staircase to the Slime Pits.
 13420 | Lair:4   | Reached skill level 12 in Dodging
 13472 | Lair:4   | XOM: enchant monster (good)
 13569 | Lair:4   | XOM: 2-stop teleportation journey
 13571 | Lair:4   | Identified the +3 quick blade of Raesm {venom, Int+2}
 13576 | Lair:4   | XOM: potion effect (invisibility)
 13595 | Lair:4   | XOM: scenery: summon butterflies
 13601 | Lair:4   | Noticed a dire elephant
 13606 | Lair:4   | Killed a dire elephant
 13612 | Lair:4   | Reached skill level 13 in Dodging
 13616 | Lair:4   | XOM: potion effect (might)
 13874 | Lair:4   | XOM: scenery: summon butterflies
 13878 | Lair:4   | Reached skill level 16 in Shapeshifting
 13885 | Lair:4   | XOM: cloud trail
 13892 | Lair:4   | Found the +5 Storm Queen's Shield {shock, Fly rElec}
 13895 | Lair:4   | XOM: give mutations
 13895 | Lair:4   | Gained mutation: You are almost entirely resistant to
                  | further mutation and mutation removal. [Xom's grace]
 13895 | Lair:4   | Gained mutation: You have a pair of small horns on your
                  | head. [Xom's grace]
 13895 | Lair:4   | Gained mutation: Your mind is acute. (Int +4, Str/Dex -1)
                  | [Xom's grace]
 13895 | Lair:4   | Gained mutation: Your mind is very acute. (Int +8, Str/Dex
                  | -2) [Xom's grace]
 14072 | Lair:5   | Entered Level 5 of the Lair of Beasts
 14072 | Lair:5   | Noticed Snorg
 14081 | Lair:5   | Killed Snorg
 14114 | Lair:5   | Noticed Urug
 14114 | Lair:5   | XOM: 3-stop teleportation journey
 14139 | Lair:5   | Killed Urug
 14160 | Lair:5   | Reached XP level 14. HP: 72/72 MP: 15/15
 14171 | Lair:5   | Reached skill level 14 in Dodging
 14214 | Lair:5   | XOM: divine lightning
 14223 | Lair:5   | XOM: summons friendly quasit
 14263 | Lair:5   | XOM: fog
 14367 | Lair:5   | XOM: god gift: +1 chain mail of poison resistance
 14389 | Lair:5   | XOM: cleaving
 14424 | Lair:5   | XOM: summons friendly ynoxinul
 14463 | Lair:5   | Reached skill level 15 in Dodging
 14464 | Lair:5   | XOM: cast spell 'Chain of Chaos'
 14466 | Lair:5   | XOM: smoke on damage
 14520 | Lair:5   | XOM: destruction
 14547 | Lair:5   | XOM: confuse monster(s)
 14650 | Lair:5   | XOM: destruction
 14695 | Lair:5   | Reached skill level 7 in Stealth
 14902 | Lair:5   | XOM: cast spell 'Alistair's Intoxication'
 15415 | D:12     | Reached skill level 8 in Stealth
 15440 | D:12     | XOM: 1-stop teleportation journey
 15491 | D:12     | Noticed temujin's ghost (journeyman DECj)
 15500 | D:12     | Found a runed translucent door.
 15848 | IceCv    | Identified the "Icwef"
 15848 | Orc:1    | Entered Level 1 of the Orcish Mines
 15848 | Orc:1    | XOM: noise
 15849 | Orc:1    | Noticed an orc warlord
 15851 | Orc:1    | XOM: polymorph warg -> shapeshifter
 15879 | D:11     | Killed an orc warlord
 15910 | Orc:1    | XOM: chaos upgrade
 16093 | Orc:1    | Reached skill level 11 in Fighting
 16093 | Orc:1    | Reached skill level 16 in Dodging
 16093 | Orc:1    | Reached skill level 9 in Stealth
 16095 | Orc:1    | Reached skill level 11 in Unarmed Combat
 16162 | Orc:1    | You fall into a shaft and drop 1 floor!
 16162 | Orc:2    | Entered Level 2 of the Orcish Mines
 16162 | Orc:2    | Noticed Blork the orc
 16162 | Orc:2    | Noticed an orc warlord
 16162 | Orc:2    | Found Vocaom's Antique Armour Shoppe.
 16167 | Orc:2    | Found a staircase to the Elven Halls.
 16207 | Orc:2    | XOM: 2-stop teleportation journey
 16416 | Orc:2    | Found a transporter.
 16416 | Orc:2    | Found Duheb's Antique Armour Boutique.
 16437 | Orc:2    | Killed Blork the orc
 16504 | Orc:2    | XOM: potion effect (invisibility)
 16506 | Orc:2    | XOM: noise
 16511 | Orc:2    | Killed an orc warlord
 16531 | Orc:2    | XOM: confuse monster(s)
 16544 | Orc:2    | Found Vajischi's Jewellery Shoppe.
 16549 | Orc:2    | XOM: polymorph orc warrior -> sky beast
 16561 | Orc:2    | Reached XP level 15. HP: 78/78 MP: 16/16
 16617 | Orc:2    | Found Zarchinnaa's Antique Weapon Shoppe.
 16917 | Orc:2    | Found a transporter.
 16978 | Orc:2    | Found Dipnom's General Store.
 16984 | Orc:2    | Bought a scroll of fear for 60 gold pieces
 16984 | Orc:2    | Bought a potion of curing for 45 gold pieces
 16984 | Orc:2    | Bought a scroll of teleportation for 45 gold pieces
 16984 | Orc:2    | Bought a ring of willpower for 375 gold pieces
 17195 | Orc:1    | XOM: fake destruction
 17240 | Orc:1    | XOM: give mutation
 17240 | Orc:1    | Lost mutation: You are almost entirely resistant to further
                  | mutation and mutation removal. [Xom's mischief]
 17245 | Orc:1    | XOM: give mutations
 17245 | Orc:1    | Gained mutation: Your flesh is cold resistant. (rC+) [Xom's
                  | grace]
 17245 | Orc:1    | Gained mutation: You have an increased reservoir of magic.
                  | (+10% MP) [Xom's grace]
 17245 | Orc:1    | Gained mutation: You expend magic power (3 MP) to
                  | strengthen your wands. [Xom's grace]
 17245 | Orc:1    | Lost mutation: You are somewhat resistant to both further
                  | mutation and mutation removal. [Xom's grace]
 17245 | Orc:1    | Lost mutation: You are somewhat resistant to further
                  | mutation. [Xom's grace]
 17245 | Orc:1    | Gained mutation: You have hidden genetic potential. [Xom's
                  | grace]
 17247 | Orc:1    | XOM: give mutation
 17247 | Orc:1    | Lost mutation: You expend magic power (3 MP) to strengthen
                  | your wands. [Xom's mischief]
 17297 | Orc:1    | Reached XP level 16. HP: 83/83 MP: 18/18
 17313 | D:11     | Upgraded the game from 0.31-a0-977-gc230f8ef24 to
                  | 0.31-a0-978-g1e143483b6
 17340 | D:13     | XOM: give mutation
 17340 | D:13     | Lost mutation: Your muscles are very strong. (Str +8,
                  | Int/Dex -2) [Xom's mischief]
 17355 | D:13     | Reached skill level 17 in Dodging
 17365 | D:13     | Reached skill level 12 in Fighting
 17399 | D:13     | Reached skill level 12 in Unarmed Combat
 17407 | D:13     | XOM: swap monsters
 17408 | D:13     | XOM: summons friendly shadow imp
 17520 | D:13     | XOM: noise
 17525 | D:13     | Lost mutation: Your muscles are strong. (Str +4, Int/Dex
                  | -1) [a neqoxec]
 17527 | D:13     | XOM: fake destruction
 17936 | D:14     | Found a gate to the Vaults.
 17936 | D:14     | XOM: scenery: 2 doors close
 17942 | D:14     | XOM: cast spell 'Metabolic Englaciation'
 17947 | D:14     | XOM: polymorph necromancer -> eight-headed hydra
 17989 | D:14     | Found an ornate altar of the Wu Jian Council.
 17989 | D:14     | XOM: 1-stop teleportation journey
 18342 | D:14     | XOM: summons 1 hostile shadow creature
 18384 | D:14     | XOM: give mutation
 18384 | D:14     | Lost mutation: Your flesh is cold resistant. (rC+) [Xom's
                  | mischief]
 18528 | D:14     | XOM: draining
 18573 | D:15     | Entered Level 15 of the Dungeon
 18587 | D:15     | Found a staircase to the Depths.
 18614 | D:15     | Found an ancient bone altar of Kikubaaqudgha.
 18694 | D:15     | Noticed Kirke
 18697 | D:15     | XOM: swap monsters
 18700 | D:15     | XOM: cast spell 'Summon Hydra'
 18707 | D:15     | Killed Kirke
 18762 | D:15     | XOM: potion effect (invisibility)
 18814 | D:15     | Noticed Nessos
 18815 | D:15     | Nessos changed into Nessos the two-headed ogre
 18815 | D:15     | Noticed Nessos
 18821 | D:15     | Killed Nessos the two-headed ogre
 18921 | D:15     | Identified the +3 longbow of Beyond {drain, Str+2}
 19309 | Swamp:1  | Entered Level 1 of the Swamp
 19328 | Swamp:1  | XOM: confuse monster(s)
 19403 | Swamp:1  | XOM: summons 12 friendly demons
 19417 | Swamp:1  | Reached skill level 11 in Evocations
 19422 | Swamp:1  | XOM: summons friendly ufetubus
 19431 | Swamp:1  | Reached skill level 18 in Dodging
 19564 | Swamp:1  | XOM: enchant monster (good)
 19935 | Swamp:1  | XOM: enchant monster (bad)
 20061 | Swamp:2  | Reached skill level 13 in Fighting
 20122 | Swamp:2  | XOM: enchant monster (good)
 20130 | Swamp:2  | Reached skill level 13 in Unarmed Combat
 20132 | Swamp:2  | XOM: swap monsters
 20145 | Swamp:2  | Found a hazy altar of Hepliaklqana.
 20397 | Swamp:2  | XOM: enchant monster (good)
 20421 | Swamp:2  | Gained mutation: Your muscles are strong. (Str +4, Int/Dex
                  | -1) [hidden potential]
 20812 | Swamp:3  | Reached skill level 12 in Evocations
 20840 | Swamp:3  | XOM: enchant monster (good)
 20878 | Swamp:3  | XOM: confuse monster(s)
 20883 | Swamp:3  | XOM: swap monsters
 21004 | Swamp:3  | Reached XP level 17. HP: 90/90 MP: 19/19
 21046 | Swamp:3  | XOM: 2-stop teleportation journey
 21326 | Swamp:4  | Entered Level 4 of the Swamp
 21353 | Swamp:4  | Noticed a tentacled monstrosity
 21362 | Swamp:4  | Killed a tentacled monstrosity
 21380 | Swamp:4  | Found a runed translucent gate.
 21380 | Swamp:4  | Found a runed translucent gate.
 21380 | Swamp:4  | Found a runed translucent gate.
 21381 | Swamp:4  | Noticed PotatoSalad1221's ghost (adept DrSh)
 21401 | Swamp:4  | Killed PotatoSalad1221's ghost
 21491 | Swamp:4  | Learned a level 4 spell: Vhi's Electric Charge
 21523 | Swamp:4  | Reached skill level 4 in Translocations
 21523 | Swamp:4  | Reached skill level 2 in Air Magic
 21523 | Swamp:4  | Reached skill level 13 in Evocations
 21801 | Swamp:4  | XOM: silly message
 21851 | Swamp:4  | XOM: chaos upgrade
 21858 | Swamp:4  | XOM: swap monsters
 21880 | Swamp:4  | Reached skill level 3 in Air Magic
 21975 | Swamp:4  | Got a decaying rune of Zot
 22137 | Snake:1  | Entered Level 1 of the Snake Pit
 22187 | Snake:1  | Reached skill level 5 in Translocations
 22333 | Snake:1  | Found Hoikethra's Weapon Shoppe.
 22335 | Snake:1  | Found Jiesadar's Jewellery Emporium.
 22337 | Snake:1  | Found Wuywneot's Assorted Antiques.
 22360 | Snake:1  | Bought a scroll labelled ZIERYSUKHY for 34 gold pieces
 22360 | Snake:1  | Bought a potion of curing for 102 gold pieces
 22360 | Snake:1  | Bought a wand of polymorph (2) for 95 gold pieces
 22510 | Snake:1  | XOM: give mutation
 22510 | Snake:1  | Lost mutation: You have hidden genetic potential. [Xom's
                  | mischief]
 23003 | Snake:1  | XOM: divination: detect items
 23111 | Snake:1  | XOM: divination: detect creatures
 23332 | Snake:2  | XOM: silly message
 23348 | Snake:2  | Reached skill level 6 in Translocations
 23350 | Snake:2  | XOM: noise
 23356 | Snake:2  | XOM: potion effect (might)
 23372 | Snake:2  | Reached skill level 19 in Dodging
 23400 | Snake:2  | XOM: summons 5 friendly demons
 23402 | Snake:2  | Reached skill level 4 in Air Magic
 23414 | Snake:2  | XOM: enchant monster (bad)
 23475 | Snake:2  | XOM: scenery: 5 doors open
 23482 | Snake:2  | XOM: enchant monster (good)
 23483 | Snake:2  | Reached skill level 17 in Shapeshifting
 23489 | Snake:2  | XOM: cast spell 'Summon Small Mammal'
 23498 | Snake:2  | Reached skill level 7 in Translocations
 23504 | Snake:2  | XOM: cast spell 'Summon Small Mammal'
 23518 | Snake:2  | XOM: 4-stop teleportation journey
 23750 | Snake:2  | XOM: cast spell 'Monstrous Menagerie'
 23794 | Snake:2  | XOM: smoke on damage
 24116 | Snake:2  | Identified the +10 plate armour "Aximaly" {Contam +Inv
                  | rPois rF+++}
 24294 | Snake:2  | XOM: scenery: summon butterflies
 24421 | Snake:3  | Identified the serpent talisman of Dice, Bag, and Bottle
                  | {Int+5}
 24421 | Snake:3  | Noticed Aizul
 24428 | Snake:3  | Killed Aizul
 24477 | Snake:3  | XOM: 1-stop teleportation journey
 24507 | Snake:3  | Reached skill level 14 in Fighting
 24526 | Snake:3  | XOM: summons friendly quasit
 24531 | Snake:3  | Reached skill level 8 in Translocations
 24531 | Snake:3  | XOM: summons 4 friendly demons
 24544 | Snake:3  | XOM: summons friendly crimson imp
 24552 | Snake:3  | Reached skill level 5 in Air Magic
 24552 | Snake:3  | Reached XP level 18. HP: 71/95 MP: 20/20
 24573 | Snake:3  | XOM: polymorph salamander -> unseen horror
 24578 | Snake:3  | XOM: summons friendly quasit
 24581 | Snake:3  | Reached skill level 14 in Evocations
 24592 | Snake:3  | XOM: cleaving
 24595 | Snake:3  | XOM: divine lightning
 24603 | Snake:3  | Reached skill level 14 in Unarmed Combat
 24617 | Snake:3  | XOM: noise
 24625 | Snake:3  | XOM: summons 4 friendly demons
 24662 | Snake:3  | XOM: draining
 24716 | Snake:3  | XOM: enchant monster (bad)
 24724 | Snake:3  | Reached skill level 9 in Translocations
 24735 | Snake:3  | XOM: silly message
 24862 | Snake:3  | Found a glowing silver altar of Zin.
 24874 | Snake:3  | Found Huitedeu's Assorted Antiques.
 24895 | Snake:3  | Bought a scroll of teleportation for 72 gold pieces
 24895 | Snake:3  | Bought a scroll of teleportation for 72 gold pieces
 24895 | Snake:3  | Bought a scroll of identify for 48 gold pieces
 24895 | Snake:3  | Bought a potion of lignification for 72 gold pieces
 24908 | Snake:3  | XOM: god gift: pair of boots {god gift}
 24917 | Snake:3  | XOM: 3-stop teleportation journey
 24922 | Snake:3  | XOM: silly message
 25229 | Snake:4  | Entered Level 4 of the Snake Pit
 25233 | Snake:4  | XOM: confuse monster(s)
 25326 | Snake:4  | Found Fesuocw's Magic Scroll Shop.
 25330 | Snake:4  | Bought a scroll of teleportation for 48 gold pieces
 25330 | Snake:4  | Bought a scroll of silence for 152 gold pieces
 25330 | Snake:4  | Found Giar Jul's Book Boutique.
 25354 | Snake:4  | Reached skill level 10 in Translocations
 25444 | Snake:4  | XOM: enchant monster (good)
 25449 | Snake:4  | XOM: cloud trail
 25592 | Snake:4  | XOM: confuse monster(s)
 25658 | Snake:4  | XOM: cleaving
 25666 | Snake:4  | XOM: cast spell 'Summon Ice Beast'
 25735 | Snake:4  | XOM: divination: detect items
 25756 | Snake:4  | XOM: butterfly on damage
 25810 | Snake:4  | XOM: stat loss: -1 Dex (24/25)
 25813 | Snake:4  | XOM: smoke on damage
 25835 | Snake:4  | Reached skill level 11 in Translocations
 25892 | Snake:4  | Reached skill level 15 in Evocations
 25990 | Snake:4  | Got a serpentine rune of Zot
 26027 | Snake:4  | XOM: give mutations
 26027 | Snake:4  | Lost mutation: You are robust. (+10% HP) [Xom's mischief]
 26027 | Snake:4  | Lost mutation: You have an increased reservoir of magic.
                  | (+10% MP) [Xom's mischief]
 26027 | Snake:4  | Gained mutation: You occasionally lose the ability to drink
                  | potions when taking damage. [Xom's mischief]
 26027 | Snake:4  | Lost mutation: Your mind is very acute. (Int +8, Str/Dex
                  | -2) [Xom's mischief]
 26068 | Snake:4  | XOM: summons 4 hostile shadow creatures
 26202 | Snake:4  | XOM: 7-stop teleportation journey
 26353 | Snake:4  | XOM: give mutations
 26353 | Snake:4  | Lost mutation: Your muscles are strong. (Str +4, Int/Dex
                  | -1) [Xom's mischief]
 26353 | Snake:4  | Lost mutation: You possess an exceptional clarity of mind.
                  | [Xom's mischief]
 26353 | Snake:4  | Gained mutation: Your muscles are strong. (Str +4, Int/Dex
                  | -1) [Xom's mischief]
 26534 | Snake:4  | XOM: stat loss: -1 Int (17/18)
 26834 | Crypt:3  | Identified the "Wicucuho"
 26834 | WizLab   | Identified the of Waroc
 26834 | WizLab   | Identified the "Ecsoghak"
 26834 | Elf:1    | Entered Level 1 of the Elven Halls
 26839 | Elf:1    | XOM: divination: magic mapping
 26861 | Elf:1    | You fall into a shaft and drop 1 floor!
 26892 | Elf:2    | XOM: blink monster(s)
 26894 | Elf:2    | XOM: divine lightning
 26968 | Elf:1    | Reached skill level 12 in Translocations
 26980 | Elf:1    | Reached skill level 20 in Dodging
 27005 | Elf:1    | XOM: polymorph deep elf pyromancer -> shapeshifter
 27011 | Elf:1    | XOM: draining
 27031 | Elf:1    | XOM: smoke on damage
 27157 | Elf:1    | XOM: confuse monster(s)
 27352 | Elf:1    | Found Elog's Weapon Shoppe.
 27370 | Elf:1    | Reached XP level 19. HP: 92/92 MP: 20/20
 27551 | Elf:1    | XOM: confuse monster(s)
 27572 | Elf:1    | Identified the +2 bardiche of the Telling Soothsayer {holy,
                  | rF+ Int+2}
 27789 | Elf:2    | XOM: enchant monster (bad)
 27821 | Elf:2    | Reached skill level 15 in Fighting
 27830 | Elf:2    | XOM: summons friendly crimson imp
 27840 | Elf:2    | Identified the +2 robe of Golauggy {rF+}
 27918 | Elf:2    | XOM: 5-stop teleportation journey
 28038 | Elf:2    | Found Wezestuo's Book Boutique.
 28132 | Elf:2    | Found a runed translucent gate.
 28133 | Elf:2    | Found a runed translucent gate.
 28133 | Elf:2    | Found a runed translucent gate.
 28135 | Elf:2    | XOM: 3-stop teleportation journey
 28172 | Elf:2    | XOM: fake destruction
 28187 | Elf:2    | XOM: confuse monster(s)
 28233 | Elf:2    | Reached skill level 15 in Unarmed Combat
 28355 | Elf:2    | XOM: scenery: 1 fountains blood, 3 doors close
 28426 | Elf:2    | XOM: god gift: falchion {god gift}
 28431 | Elf:2    | Reached skill level 18 in Shapeshifting
 28437 | Elf:2    | XOM: swap monsters
 28729 | Elf:3    | Identified the of Niapputt
 28729 | Elf:3    | Entered Level 3 of the Elven Halls
 28860 | Elf:3    | XOM: confusion (+ monsters)
 28868 | Elf:3    | XOM: cast spell 'Discord'
 29111 | Elf:3    | XOM: stat loss: -1 Dex (25/26)
 29264 | Elf:3    | XOM: summons 1 hostile demon
 29273 | Elf:3    | Reached skill level 16 in Evocations
 29403 | Elf:3    | XOM: torment (94/120 hp)
 29778 | Elf:3    | Identified the ring of the Kissing Fool {rC+ Str+3 Int+2
                  | SInv}
 29892 | Elf:3    | XOM: noise
 30025 | Elf:3    | Identified the +10 hand axe of Vanity {pain, rElec rPois
                  | rC+ SInv}
 30041 | Elf:3    | Identified the amulet of Olain {RegenMP rF+}
 30057 | Elf:3    | XOM: enchant monster (good)
 30066 | Elf:3    | XOM: summons 5 hostile demons
 30070 | Elf:3    | XOM: enchant monster (bad)
 30126 | Elf:3    | Reached skill level 21 in Dodging
 30291 | Elf:3    | Learned a level 6 spell: Dispersal
 30439 | D:11     | XOM: give mutation
 30439 | D:11     | Lost mutation: You occasionally lose the ability to drink
                  | potions when taking damage. [Xom's mischief]
 30536 | Vaults:1 | Entered Level 1 of the Vaults
 30554 | Vaults:1 | XOM: silly message
 30558 | Vaults:1 | XOM: chaos upgrade
 30668 | Vaults:1 | XOM: noise
 30698 | Vaults:1 | XOM: 1-stop teleportation journey
 30765 | Vaults:1 | Reached XP level 20. HP: 98/98 MP: 17/21
 31109 | Vaults:1 | XOM: polymorph vault warden -> dire elephant
 31223 | Vaults:1 | Reached skill level 16 in Fighting
 31309 | Vaults:1 | XOM: scenery: 1 doors close
 31505 | Vaults:1 | XOM: summons 2 hostile shadow creatures
 31597 | Vaults:1 | XOM: blink monster(s)
 32058 | Vaults:1 | XOM: torment (99/127 hp)
 32122 | Vaults:2 | Reached skill level 16 in Unarmed Combat
 32129 | Vaults:2 | Noticed Frederick
 32132 | Vaults:2 | XOM: enchant monster (bad)
 32143 | Vaults:2 | Killed Frederick
 32156 | Vaults:2 | XOM: potion effect (attraction)
 32160 | Vaults:2 | Reached skill level 17 in Evocations
 32276 | Vaults:2 | XOM: potion effect (invisibility)
 32281 | Vaults:2 | XOM: smoke on damage
 32312 | Vaults:2 | XOM: scenery: 2 doors open, 1 doors close
 32354 | Vaults:2 | XOM: destruction
 32430 | Vaults:2 | XOM is BORED!
 32430 | Vaults:2 | XOM: 1-stop teleportation journey
 32536 | Vaults:2 | XOM: scenery: 1 doors open, 1 doors close
 32540 | Vaults:2 | XOM: cleaving
 32567 | Vaults:2 | XOM: cleaving
 32573 | Vaults:2 | XOM: divination: magic mapping
 32586 | Vaults:2 | Reached skill level 19 in Shapeshifting
 32993 | Vaults:3 | Reached skill level 22 in Dodging
 33045 | Vaults:3 | XOM: polymorph yaktaur captain -> storm dragon
 33114 | Vaults:3 | XOM: smoke on damage
 33131 | Vaults:3 | XOM: give mutation
 33131 | Vaults:3 | Gained mutation: You are partially covered in iridescent
                  | scales. (AC +2) [Xom's grace]
 33603 | Vaults:3 | Found a staircase to the Crypt.
 33686 | Vaults:3 | XOM is BORED!
 33686 | Vaults:3 | XOM: give mutation
 33686 | Vaults:3 | Lost mutation: Your muscles are strong. (Str +4, Int/Dex
                  | -1) [Xom's mischief]
 33693 | Vaults:3 | XOM: enchant monster (bad)
 33870 | Vaults:3 | XOM: blink monster(s)
 33875 | Vaults:3 | XOM: cast spell 'Summon Ice Beast'
 33934 | Vaults:4 | XOM: enchant monster (good)
 33946 | Vaults:4 | XOM: confusion (+ monsters)
 33953 | Vaults:4 | Reached XP level 21. HP: 103/103 MP: 20/22
 34003 | Vaults:4 | XOM: enchant monster (bad)
 34039 | Vaults:4 | XOM: swap monsters
 34117 | Vaults:4 | XOM: enchant monster (good)
 34198 | Vaults:4 | XOM: enchant monster (good)
 34275 | Vaults:4 | XOM: enchant monster (bad)
 34278 | Vaults:4 | XOM: enchant monster (good)
 34307 | Vaults:4 | Reached skill level 17 in Fighting
 34329 | Vaults:4 | XOM: scenery: 2 doors open, 1 doors close
 34380 | Vaults:4 | XOM: 3-stop teleportation journey
 34578 | Vaults:4 | XOM: summons 10 friendly demons
 34608 | Vaults:4 | XOM: stat loss: -1 Dex (29/30)
 34622 | Vaults:4 | Reached skill level 18 in Evocations
 34637 | Vaults:4 | XOM: cast spell 'Alistair's Intoxication'
 34720 | Vaults:4 | XOM: cast spell 'Summon Dragon'
 34722 | Vaults:4 | Reached skill level 17 in Unarmed Combat
 35248 | Crypt:1  | Entered Level 1 of the Crypt
 35297 | Crypt:1  | XOM: summons friendly crimson imp
 35332 | Crypt:1  | XOM: summons 10 friendly demons
 35343 | Crypt:1  | Noticed Boris
 35356 | Crypt:1  | XOM: scenery: summon butterflies
 35362 | Crypt:1  | Killed Boris
 35401 | Crypt:1  | XOM: give mutations
 35401 | Crypt:1  | Gained mutation: You are weak. (Str -2) [Xom's mischief]
 35401 | Crypt:1  | Lost mutation: You are partially covered in iridescent
                  | scales. (AC +2) [Xom's mischief]
 35434 | Crypt:1  | Noticed Saint Roka
 35466 | Crypt:1  | Killed Saint Roka
 35468 | Crypt:1  | XOM: summons friendly white imp
 35479 | Crypt:1  | HP: 6/135 [orc warrior/+3 war axe[Saint Roka] (3)]
 35728 | Crypt:1  | Reached skill level 23 in Dodging
 35892 | Crypt:1  | XOM: polymorph death knight -> manticore
 36543 | Crypt:2  | XOM: cast spell 'Cause Fear'
 36560 | Crypt:2  | XOM: god gift: wand of charming (8)
 36574 | Crypt:2  | XOM: cloud trail
 36613 | Crypt:2  | XOM: blink monster(s)
 36774 | Crypt:2  | XOM: summons friendly quasit
 36792 | Crypt:2  | Noticed Vv
 36802 | Crypt:2  | Killed Vv
 36827 | Crypt:2  | Reached skill level 20 in Shapeshifting
 36978 | Crypt:2  | XOM: 7-stop teleportation journey
 37044 | Crypt:2  | XOM: cloud trail
 37395 | Crypt:3  | Entered Level 3 of the Crypt
 37398 | Crypt:3  | XOM: cast spell 'Summon Horrible Things'
 37401 | Crypt:3  | Reached XP level 22. HP: 109/109 MP: 23/23
 37404 | Crypt:3  | XOM: silly message
 37507 | Crypt:3  | Found an ancient bone altar of Kikubaaqudgha.
 37576 | Crypt:3  | XOM: fake destruction
 37577 | Crypt:3  | XOM: cleaving
 37580 | Crypt:3  | XOM: destruction
 37696 | Crypt:3  | XOM: smoke on damage
 37787 | Crypt:3  | XOM: enchant monster (good)
 37813 | Crypt:3  | XOM: confuse monster(s)
 37913 | Crypt:3  | Reached skill level 18 in Fighting
 37926 | Crypt:3  | XOM: scenery: 1 fountains blood, 5 doors close
 38002 | Crypt:3  | Reached skill level 19 in Evocations
 38081 | Crypt:3  | XOM: summons friendly sixfirhy
 38096 | Crypt:3  | Noticed Khufu
 38102 | Crypt:3  | XOM: summons friendly iron imp
 38120 | Crypt:3  | Killed Khufu
 38121 | Crypt:3  | Reached skill level 18 in Unarmed Combat
 38125 | Crypt:3  | XOM: confuse monster(s)
 38175 | Crypt:3  | Found a staircase to the Tomb.
 38418 | Crypt:3  | XOM: summons friendly ufetubus
 38436 | Crypt:3  | XOM: give mutation
 38436 | Crypt:3  | Lost mutation: You are weak. (Str -2) [Xom's mischief]
 38614 | Crypt:2  | Found an ancient bone altar of Kikubaaqudgha.
 38905 | Depths:1 | Entered Level 1 of the Depths
 38941 | Depths:1 | XOM: summons 5 friendly demons
 38970 | Depths:1 | Found a broken altar of Ashenzari.
 38975 | Depths:1 | Reached skill level 24 in Dodging
 38994 | Depths:1 | XOM: enchant monster (good)
 39119 | Depths:1 | XOM: divination: detect items
 39125 | Depths:1 | XOM: 6-stop teleportation journey
 39216 | Depths:1 | Found a corrupted altar of Lugonu.
 39216 | Depths:1 | Found a one-way gate to the infinite horrors of the Abyss.
 39250 | Depths:1 | XOM: summons 5 friendly demons
 39380 | Depths:1 | Found a gateway to Hell.
 39387 | Depths:1 | XOM: destruction
 39690 | Depths:1 | Identified the +2 falchion of Calamity {heavy, rC++}
 39691 | Depths:1 | XOM: cloud trail
 39875 | Depths:2 | XOM: summons 6 friendly demons
 40029 | Depths:2 | XOM: cast spell 'Summon Cactus Giant'
 40035 | Depths:2 | XOM: summons 3 friendly demons
 40050 | Depths:2 | XOM: cleaving
 40139 | Depths:2 | XOM: divination: detect items
 40182 | Depths:2 | Found a one-way gate leading to the halls of Pandemonium.
 40215 | Depths:2 | XOM: confuse monster(s)
 40288 | Depths:2 | Found a one-way gateway to a ziggurat.
 40632 | Depths:2 | Found Couch's Magic Scroll Emporium.
 40636 | Depths:2 | Bought a scroll of blinking for 82 gold pieces
 40636 | Depths:2 | Bought a scroll of blinking for 82 gold pieces
 40636 | Depths:2 | Bought a scroll of poison for 44 gold pieces
 40886 | Depths:3 | Reached XP level 23. HP: 115/115 MP: 24/24
 40971 | Depths:3 | XOM: confuse monster(s)
 41116 | Depths:3 | XOM: 2-stop teleportation journey
 41130 | Depths:3 | Identified the of Fiemao (You acquired it on level 3 of
                  | the Depths)
 41130 | Depths:3 | Acquired the ring "Uthoublu" {rF+ rCorr}
 41146 | Depths:3 | Found a magical portal.
 41156 | WizLab   | Entered The Chambers of the Cloud Mage
 41171 | WizLab   | Reached skill level 20 in Evocations
 41171 | WizLab   | XOM: summons 2 friendly demons
 41175 | WizLab   | XOM: snakes to sticks
 41178 | WizLab   | XOM: enchant monster (good)
 41363 | Depths:3 | Noticed Louise
 41366 | Depths:3 | Identified the +0 scale mail of Dishonesty {-Tele rPois
                  | Str-3 Int+8}
 41373 | Depths:3 | Killed Louise
 41383 | Depths:3 | XOM: summons 2 friendly demons
 41387 | Depths:3 | Reached skill level 19 in Fighting
 41538 | Depths:3 | XOM: confusion (+ monsters)
 41657 | Depths:3 | Reached skill level 19 in Unarmed Combat
 41746 | Depths:3 | XOM: chaos upgrade
 41751 | Depths:3 | Reached skill level 25 in Dodging
 41753 | Depths:3 | XOM: chaos upgrade
 42081 | Depths:4 | Entered Level 4 of the Depths
 42130 | Depths:4 | XOM: stat loss: -1 Dex (29/30)
 42188 | Depths:4 | XOM: blink monster(s)
 42219 | Depths:4 | XOM: 2-stop teleportation journey
 42236 | Depths:4 | XOM: summons friendly crimson imp
 42239 | Depths:4 | XOM: fake destruction
 42247 | Depths:4 | XOM: silly message
 42249 | Depths:4 | XOM: summons friendly shadow imp
 42479 | Depths:4 | Found a runed translucent gate.
 42479 | Depths:4 | Found a runed translucent gate.
 42479 | Depths:4 | Found a runed translucent gate.
 42482 | Depths:4 | Noticed Ruycyam's ghost (veteran TeGl)
 42527 | Depths:4 | Killed Ruycyam's ghost
 42527 | Depths:4 | XOM: enchant monster (good)
 42563 | Depths:4 | XOM: 1-stop teleportation journey
 42722 | Depths:4 | Noticed Boris
 42743 | Depths:4 | Killed Boris
 42920 | Depths:4 | XOM: noise
 43037 | Depths:4 | XOM: divination: magic mapping
 43158 | Depths:4 | Found a gate to the Realm of Zot.
 43192 | Depths:4 | XOM: cast spell 'Summon Hydra'
 43207 | Depths:4 | XOM: divination: detect items
 43222 | Depths:4 | XOM: fake destruction
 43228 | Depths:4 | XOM: cast spell 'Cause Fear'
 43231 | Depths:4 | XOM: polymorph green draconian -> formless jellyfish
 43234 | Depths:4 | XOM: noise
 43373 | Depths:4 | XOM: give mutation
 43373 | Depths:4 | Gained mutation: You have an increased reservoir of magic.
                  | (+10% MP) [Xom's grace]
 43498 | Depths:4 | XOM: confuse monster(s)
 43504 | Depths:4 | Reached skill level 21 in Evocations
 43504 | Depths:4 | XOM: noise
 43509 | Depths:4 | Reached XP level 24. HP: 121/121 MP: 26/26
 43820 | D:12     | Killed temujin's ghost
 43839 | D:12     | Learned a level 1 spell: Apportation
 43977 | Lair:1   | Killed Omnilove's ghost
 43992 | Lair:1   | Reached XP level 25. HP: 126/126 MP: 26/26
 44072 | Lair:3   | Killed sanka's ghost
 44119 | Lair:3   | Identified the +1 ring mail of the Gloaming {rN++ rCorr
                  | Str-4 Dex+2}
 44453 | Lair:1   | XOM: silly message
 44724 | Vaults:5 | XOM: stealth player
 44724 | Vaults:5 | Entered Level 5 of the Vaults
 44724 | Vaults:5 | XOM: divination: magic mapping
 44729 | Vaults:5 | Found Icreikk's Assorted Antiques.
 44770 | Vaults:5 | Reached skill level 20 in Fighting
 44772 | Vaults:5 | Reached skill level 26 in Dodging
 44775 | Vaults:5 | XOM: scenery: summon butterflies
 44786 | Vaults:5 | XOM: scenery: summon butterflies
 44804 | Vaults:5 | XOM: cast spell 'Monstrous Menagerie'
 44811 | Vaults:5 | Reached skill level 20 in Unarmed Combat
 44873 | Vaults:5 | XOM: divination: magic mapping
 44917 | Vaults:5 | Found Xoffil Fema's Magic Scroll Shoppe.
 44922 | Vaults:5 | Bought a scroll of fear for 48 gold pieces
 44922 | Vaults:5 | Bought a scroll of teleportation for 36 gold pieces
 44922 | Vaults:5 | Bought a scroll of teleportation for 36 gold pieces
 44971 | Vaults:5 | Reached skill level 22 in Evocations
 44971 | Vaults:5 | Found Nom Paf's Distillery.
 44975 | Vaults:5 | Bought a potion of heal wounds for 55 gold pieces
 44975 | Vaults:5 | Bought a potion of heal wounds for 55 gold pieces
 44975 | Vaults:5 | Bought a potion of curing for 33 gold pieces
 44975 | Vaults:5 | Bought a potion of enlightenment for 55 gold pieces
 44975 | Vaults:5 | Bought a potion of curing for 33 gold pieces
 44975 | Vaults:5 | Bought 2 potions of might for 88 gold pieces
 45043 | Vaults:5 | Found Idibeiwn's Distillery.
 45047 | Vaults:5 | Bought a potion of mutation for 80 gold pieces
 45047 | Vaults:5 | Bought a potion of haste for 100 gold pieces
 45047 | Vaults:5 | Bought 2 potions of curing for 60 gold pieces
 45047 | Vaults:5 | Bought a potion of invisibility for 80 gold pieces
 45047 | Vaults:5 | Bought a potion of heal wounds for 50 gold pieces
 45047 | Vaults:5 | Bought a potion of enlightenment for 50 gold pieces
 45047 | Vaults:5 | Bought a potion of resistance for 100 gold pieces
 45109 | Vaults:5 | XOM: scenery: summon butterflies
 45121 | Vaults:5 | Noticed an ancient lich
 45131 | Vaults:5 | XOM: cleaving
 45133 | Vaults:5 | XOM: summons 8 friendly demons
 45134 | Vaults:5 | Killed an ancient lich
 45149 | Vaults:5 | XOM: enchant monster (good)
 45166 | Vaults:5 | Found Uhaso's General Store.
 45166 | Vaults:5 | Found Etyd's Distillery.
 45167 | Vaults:5 | Found Ongaso's Antique Armour Shop.
 45171 | Vaults:5 | Bought a potion of heal wounds for 90 gold pieces
 45171 | Vaults:5 | Bought a potion of heal wounds for 90 gold pieces
 45171 | Vaults:5 | Bought a potion of haste for 180 gold pieces
 45171 | Vaults:5 | Bought a potion of curing for 54 gold pieces
 45171 | Vaults:5 | Bought a potion of heal wounds for 90 gold pieces
 45171 | Vaults:5 | Bought a potion of haste for 180 gold pieces
 45171 | Vaults:5 | Bought a potion of curing for 54 gold pieces
 45171 | Vaults:5 | Bought a potion of mutation for 144 gold pieces
 45171 | Vaults:5 | Bought a potion of heal wounds for 90 gold pieces
 45171 | Vaults:5 | Bought 2 potions of might for 144 gold pieces
 45233 | Vaults:5 | XOM: chaos upgrade
 45234 | Vaults:5 | XOM: chaos cloud
 45277 | Vaults:5 | XOM: give mutations
 45277 | Vaults:5 | Gained mutation: You are agile. (Dex +4, Str/Int -1) [Xom's
                  | mischief]
 45277 | Vaults:5 | Gained mutation: You expend magic power (3 MP) to
                  | strengthen your wands. [Xom's mischief]
 45278 | Vaults:5 | XOM: swap monsters
 45361 | Vaults:5 | Bought a wand of digging (5) for 462 gold pieces
 45361 | Vaults:5 | Bought a wand of charming (4) for 211 gold pieces
 45361 | Vaults:5 | Bought a potion of heal wounds for 110 gold pieces
 45364 | Vaults:5 | Found Hitaofuu's Distillery.
 45368 | Vaults:5 | Bought a potion of experience for 600 gold pieces
 45368 | Vaults:5 | Bought a potion of curing for 36 gold pieces
 45368 | Vaults:5 | Bought a potion of invisibility for 96 gold pieces
 45368 | Vaults:5 | Bought a potion of curing for 36 gold pieces
 45368 | Vaults:5 | Bought a potion of resistance for 120 gold pieces
 45503 | Vaults:4 | XOM: silly message
 45538 | Vaults:4 | XOM: repel stairs
 45544 | Vaults:4 | XOM: blink monster(s)
 45567 | Vaults:5 | XOM: confusion
 45599 | Vaults:5 | Reached skill level 21 in Unarmed Combat
 45600 | Vaults:5 | XOM: 1-stop teleportation journey
 45633 | Vaults:5 | XOM: polymorph iron dragon -> shapeshifter
 45638 | Vaults:5 | XOM: noise
 45640 | Vaults:5 | XOM: smoke on damage
 45649 | Vaults:5 | XOM: summons friendly shadow imp
 45760 | Vaults:5 | Reached skill level 23 in Evocations
 45864 | Vaults:5 | XOM: fog
 45939 | Vaults:5 | Got a silver rune of Zot
 45943 | Vaults:5 | Bought a scroll of summoning for 247 gold pieces
 46016 | Vaults:5 | XOM: cloud trail
 46465 | Vaults:4 | XOM: give mutation
 46465 | Vaults:4 | Lost mutation: Your mind is acute. (Int +4, Str/Dex -1)
                  | [Xom's mischief]
 46734 | Zot:1    | Entered Level 1 of the Realm of Zot
 46744 | Zot:1    | XOM: cleaving
 46774 | Zot:1    | XOM: potion effect (might)
 46848 | Zot:2    | Reached XP level 26. HP: 130/130 MP: 22/26
 46909 | Zot:2    | XOM: enchant monster (good)
 47012 | Zot:2    | Reached skill level 24 in Evocations
 47024 | Zot:2    | XOM: 1-stop teleportation journey
 47047 | Zot:2    | XOM: cast spell 'Alistair's Intoxication'
 47111 | Zot:2    | Identified the staff of the Cursing Sybil {rF+ rC+ rCorr
                  | SInv Ice}
 47111 | Zot:2    | Identified the ring "Zomoigan" {Ice Int+2 Dex+5}
 47111 | Zot:2    | Noticed Josephina
 47119 | Zot:2    | Killed Josephina
 47241 | Zot:2    | XOM: noise
 47358 | Zot:2    | XOM: 1-stop teleportation journey
 47398 | Zot:2    | XOM: 1-stop teleportation journey
 47403 | Zot:2    | XOM: polymorph tentacled monstrosity -> shadow demon
 47413 | Zot:2    | XOM: silly message
 47429 | Zot:2    | XOM: confusion
 47439 | Zot:2    | XOM: divination: detect items
 47450 | Zot:2    | XOM: scenery: summon butterflies
 47729 | Zot:2    | XOM: destruction
 47733 | Zot:2    | Reached skill level 25 in Evocations
 47848 | Zot:2    | XOM: scenery: create altars
 47942 | Zot:2    | XOM: give mutation
 47942 | Zot:2    | Gained mutation: You are robust. (+10% HP) [Xom's mischief]
 48225 | Zot:3    | XOM: blink monster(s)
 48503 | Zot:3    | XOM: cast spell 'Summon Horrible Things'
 48653 | Zot:3    | XOM: summons 2 friendly demons
 48718 | Zot:3    | Reached skill level 26 in Evocations
 48774 | Zot:3    | XOM: summons friendly crimson imp
 48905 | Zot:3    | XOM: divination: detect items
 49088 | Zot:4    | Noticed Parghit
 49093 | Zot:4    | Parghit changed into Parghit the titan
 49093 | Zot:4    | Noticed Parghit
 49096 | Zot:4    | Killed Parghit the titan
 49164 | Zot:4    | Noticed an orb of fire
 49167 | Zot:4    | XOM: silly message
 49168 | Zot:4    | XOM: 2-stop teleportation journey
 49344 | Zot:4    | Lost mutation: You are agile. (Dex +4, Str/Int -1) [an orb
                  | of fire]
 49345 | Zot:4    | Killed an orb of fire
 49373 | Zot:4    | Found a transporter.
 49427 | Zot:4    | XOM: 4-stop teleportation journey
 49571 | Zot:4    | Found a transporter.
 49659 | Zot:4    | XOM: god gift: 3 stones
 49888 | Zot:4    | Found a transporter.
 50124 | Zot:4    | Found a transporter.
 50133 | Zot:4    | XOM: summons 4 friendly demons
 50300 | Zot:4    | XOM: god gift: wand of mindburst (8)
 50596 | Zot:4    | XOM: god gift: tower shield {god gift}
 50658 | Zot:5    | Entered Level 5 of the Realm of Zot
 50689 | Zot:5    | Noticed a dread lich
 50699 | Zot:5    | Killed a dread lich
 50700 | Zot:5    | Reached skill level 27 in Evocations
 50717 | Zot:5    | XOM: confuse monster(s)
 50737 | Zot:5    | Noticed a dread lich
 50741 | Zot:5    | Reached skill level 27 in Dodging
 50742 | Zot:5    | Killed a dread lich
 50746 | Zot:5    | Noticed an orb of fire
 50748 | Zot:5    | XOM: cleaving
 50749 | Zot:5    | XOM: summons friendly crimson imp
 50757 | Zot:5    | XOM: polymorph Killer Klown -> titan
 50759 | Zot:5    | XOM: confuse monster(s)
 50762 | Zot:5    | Gained mutation: You sometimes lose your temper in combat.
                  | [an orb of fire]
 50769 | Zot:5    | Killed an orb of fire
 50784 | Zot:5    | XOM: potion effect (attraction)
 50812 | Zot:5    | Lost mutation: You sometimes lose your temper in combat.
                  | [potion of mutation]
 50812 | Zot:5    | Lost mutation: Your flesh is very heat resistant. (rF++)
                  | [potion of mutation]
 50812 | Zot:5    | Gained mutation: Your body sometimes deteriorates upon
                  | taking damage. [potion of mutation]
 50812 | Zot:5    | Gained mutation: Your muscles are strong. (Str +4, Int/Dex
                  | -1) [potion of mutation]
 50812 | Zot:5    | Lost mutation: You have an increased reservoir of magic.
                  | (+10% MP) [potion of mutation]
 50818 | Zot:5    | Reached XP level 27. HP: 148/148 MP: 24/24
 50843 | Zot:5    | Got the Orb of Zot
 51016 | Zot:1    | XOM: divination: detect items
 51053 | Depths:4 | Noticed Wukh the pandemonium lord
 51057 | Depths:4 | Noticed Wicuut the pandemonium lord
 51100 | Depths:3 | XOM: cloud trail
 51218 | D:12     | XOM: cloud trail
 51427 | D:1      | XOM: silly message
 51451 | D:$      | Escaped with the Orb!

Illustrated notes

Levels and vault maps discovered:
D:1:      dpeg_arrival_tiny_d, layout_loops_ring, minmay_three_crescents
D:2:      layout_basic, basic_altar, minmay_circle_x
D:3:      layout_loops_ring, minmay_misc_feat_x, chequers_serial_rivers_small_b
D:4:      layout_rooms, ebering_ghost_sewer_d
D:5:      layout_loops_corners, mainiacjoe_overflow_chevrons,
          amcnicky_altar_gilded, fedhas_altar_decomposition, nicolae_the_louvre
D:6:      layout_loops_cross, makhleb_heckhound_becter,
          nicolae_overflow_hidden_temple, kennysheep_doodads, st_stairs_1,
          uniq_jeremiah, uniq_maggie
D:7:      layout_basic, kennysheep_mini, minmay_temple_entry_antechambers,
          glass_columns_c, uniq_menkaure
D:8:      layout_basic, grunt_ministairs_13, minmay_shattered_shrine
D:9:      layout_irregular_city, chequers_temple_overflow_statue_of_worship,
          hangedman_glass_teeth
D:10:     layout_basic, kennysheep_mini_moat, erik_lair_island
D:11:     layout_rooms, david_orc_2
D:12:     layout_roguey, hellmonk_ghost_big_iron
D:13:     layout_cave_pools, serial_ice, serial_ice_h, serial_ice_g,
          serial_ice_a, serial_ice_i
D:14:     layout_long_grid, david_vaults_1, nicolae_wu_jian_wuxing_cycle
D:15:     grunt_enter_depths_giant_problem, layout_gridville,
          minmay_misc_feat_cross, kiku_gazebo_garden_becter, uniq_kirke,
          uniq_nessos
Lair:1:   layout_layer_cave, ebering_ghost_funeral_grove,
          grunt_forest_large_clearings, lemuel_fruit_tree, grunt_megastairs_5,
          infiniplex_staircase_pool_2, uniq_erica
Lair:2:   layout_misc_corridors, alex1729_snake_entry_snake,
          lightli_volcano_entry_magma_tube, uniq_gastronok
Lair:3:   layout_hall_layers, minmay_swamp_entry_reptiles,
          gammafunk_ghost_necromancy, wad_woods_02, lemuel_fruit_fields
Lair:4:   mu_elephants_graveyard, layout_loops_ring, slime_entry_1,
          serial_bayou_shore_a
Lair:5:   hangedman_lair_tendril_chambers, layout_gridlike,
          guppyfry_lair_end_dragon, serial_rivers,
          chequers_serial_rivers_micro_a, chequers_serial_rivers_micro_a,
          chequers_serial_rivers_micro_d, chequers_serial_rivers_micro_e,
          chequers_serial_rivers_large_a, chequers_serial_rivers_micro_a,
          uniq_snorg, uniq_urug
Swamp:1:  layout_basic_swamp, serial_swamp_ruin, evilmike_swamp_ruin_house_2,
          hangedman_swamp_ruin_wall, evilmike_swamp_ruin_house_1
Swamp:2:  layout_basic_swamp, evilmike_swamp_ruin_house_4,
          lemuel_altar_in_water, nicolae_swamp_bloodsuckers_inc
Swamp:3:  cheibrodos_swamp_heart_of_darkness, layout_basic_swamp,
          nicolae_swamp_tree_designs
Swamp:4:  swamp, layout_basic_swamp, gammafunk_ghost_hydra_chop
Snake:1:  layout_chambers, minmay_shop_star, grunt_megastairs_4
Snake:2:  layout_basic
Snake:3:  layout_cave_shapes, basic_altar, serial_shops, shop, drop_trap,
          hangedman_snake_corridor_split, uniq_aizul
Snake:4:  johnstein_snake_rune_scales, layout_basic, minmay_shoptagon
Orc:1:    layout_caves, portal_ice_cave_entry_animals_and_master
Orc:2:    grunt_orc_cross, layout_caves, serial_shops, nicolae_shop_drivethru
Elf:1:    eino_elf_arrival_sip, layout_geoelf_grid, serial_shops,
          nicolae_shop_just_a_little_nook, kennysheep_underground_church,
          roderic_lattice_octagonal_star
Elf:2:    nicolae_elf_blades_crystal_corner, layout_geoelf_octagon,
          serial_shops, shop
Elf:3:    minmay_elf_hall_dome, layout_rooms
Vaults:1: st_cells, nicolae_vaults_shelves_hall, vaults_room_grid, v_misc_26,
          dpeg_vaults_monster_box, nicolae_vaults_stepped_doors,
          dpeg_vaults_monster_row, nicolae_vaults_closet_pinwheel_2,
          nicolae_vaults_alarming, layout_vaults_quadrants
Vaults:2: v_misc_25, v_misc_4, nicolae_vaults_apartment_2,
          nicolae_vaults_little_squares_6, v_rooms_1, v_misc_9, v_misc_32,
          vaults_room_door_ring, nicolae_vaults_yaktaur_gun_rack,
          nicolae_vaults_closet_pinwheel_4, layout_vaults_maze_snakey,
          uniq_frederick
Vaults:3: nicolae_vaults_whirlpool_walls, minmay_crypt_entry_nasty_monster,
          nicolae_vaults_little_squares_4, nicolae_vaults_layer_cake_slice,
          nicolae_vaults_specimen_jars, v_misc_25, vaults_dpeg_encased_lava,
          vaults_dpeg_diagonal, nicolae_vaults_rhombus_6,
          ontoclasm_vaults_shuriken, layout_vaults_big_room
Vaults:4: ontoclasm_vaults_idyll, nicolae_vaults_network_star,
          nicolae_vaults_diagonal_hallway_6, vaults_room_octagon,
          nicolae_vaults_weapon_check, nicolae_vaults_twisting_passages,
          v_misc_27, hangedman_vaults_cutoff,
          nicolae_vaults_offset_grid_hallway_3,
          nicolae_vaults_trapezoid_lopsided_3, nicolae_vaults_house_1,
          nicolae_vaults_doubleplus_tesselated,
          nicolae_vaults_storage_room_statues, nicolae_vaults_holding_cells,
          layout_vaults_omnicross
Vaults:5: serial_shops
Crypt:1:  layout_chaotic_city, minivault_11, grunt_crypt_arrival_split,
          grunt_megastairs_3, uniq_saint_roka, uniq_boris
Crypt:2:  layout_gridlike, st_stairs_14, minmay_misc_feat_ornament,
          nicolae_crypt_crumbling_hall, lemuel_upstairs_altar, uniq_vv
Crypt:3:  grunt_crypt_end_deaths_head
Depths:1: layout_roguey, abyss_entry_flame_altar, evilmike_ruin_ashenzari,
          lightli_too_deep, laboratory
Depths:2: minmay_angry_zag, layout_basic, enter_ziggurat_a,
          pf_hell_entry_great_geh, serial_shops, nicolae_shop_back_alley_shop,
          grunt_pan_entry_sceptre, grunt_decor_one_mirror,
          minmay_staircase_bubble
Depths:3: kennysheep_big_flooded_room, layout_gridlike, grunt_hell_entry_dis_mu,
          serial_corexii_hall, corexii_hall_statues_u, corexii_hall_statues_x,
          nicolae_abyss_entry_one_way_or_another, mu_enter_wizlab_3
Depths:4: lemuel_castle_with_subvaults [lemuel_castle_interior_original],
          layout_gridlike, abyss_entry, hell_entry, rand_demon_pan_entry_8,
          ebering_ghost_rock_garden
Zot:1:    layout_misc_corridors, regret_index_zotdec_obsidian_hm,
          grunt_ministairs_4
Zot:2:    layout_basic, hangedman_zot_decor_scrapings, zot_minivault_6,
          uniq_josephina
Zot:3:    layout_misc_corridors
Zot:4:    gammafunk_its_a_trap, layout_onion,
          regret_index_zotdec_serpentine_scales, uniq_parghit
Zot:5:    layout_basic

Skill      XL: |  1  2  3  4  5  6  7  8  9 10 11 12 13 14 15 16 17 18 19 20 21 22 23 24 25 26 |
---------------+-------------------------------------------------------------------------------+-----
Stealth        | 2 3 6 9 |  9.0
Dodging        | 4 5 7 8 10 13 16 18 19 20 21 22 23 24 25 26 27 | 27.0
Unarmed Combat | 5 6 7 9 10 11 13 14 15 16 17 18 19 21 | 21.9
Shapeshifting  | 2 4 7 9 12 13 14 16 17 18 19 20 | 20.0
Fighting       | 4 5 6 7 8 9 10 11 13 14 15 16 17 18 19 20 | 20.8
Evocations     | 2 5 7 10 12 13 15 16 17 18 19 21 23 27 | 27.0
Translocations | 8 12 | 12.0
Air Magic      | 5 |  5.0

Action                     |  1- 3 |  4- 6 |  7- 9 | 10-12 | 13-15 | 16-18 | 19-21 | 22-24 | 25-27 || total
---------------------------+-------+-------+-------+-------+-------+-------+-------+-------+-------++-------
  Melee: Unarmed           |   146 |   121 |   297 |   420 |   694 |  1438 |  1617 |  1294 |  1072 ||  7099
         Bite              |     9 |    15 |    55 |    62 |    88 |   223 |   291 |   258 |   219 ||  1220
         Punch             |     4 |     5 |     1 |    14 |    59 |   169 |   244 |   213 |   226 ||   935
         Tailslap          |       |       |       |    32 |    11 |       |       |       |       ||    43
         Headbutt          |       |       |       |       |   107 |   391 |   531 |   435 |   376 ||  1840
   Cast: Vhi's Electric Ch |       |       |       |       |       |     8 |    47 |    32 |    67 ||   154
         Apportation       |       |       |       |       |       |       |       |       |     3 ||     3
Ability: Breathe Fire      |       |       |       |    24 |     5 |       |       |       |       ||    29
  Evoke: Wand              |       |     7 |    34 |    21 |     6 |     1 |     5 |     1 |    31 ||   106
         Lightning rod     |       |       |       |       |       |     2 |     5 |       |       ||     7
         Sack of spiders   |       |       |       |       |       |       |     1 |       |     2 ||     3
         Phantom mirror    |       |       |       |       |       |       |       |       |     2 ||     2
    Use: Scroll            |     3 |       |     1 |    14 |     9 |    10 |     4 |     5 |    21 ||    67
         Potion            |       |     1 |       |     7 |     1 |     3 |     4 |     1 |    12 ||    29
   Stab: Sleeping          |     6 |     3 |     1 |     4 |    12 |    33 |    25 |    13 |       ||    97
         Distracted        |     3 |     1 |       |     1 |     3 |     7 |    10 |     8 |     7 ||    40
         Confused          |       |       |     6 |     4 |     1 |     9 |     2 |     4 |     5 ||    31
         Invisible         |       |       |       |       |    16 |    11 |     7 |       |       ||    34
         Paralysed         |       |       |       |       |     1 |     1 |     1 |       |       ||     3
         Petrifying        |       |       |       |       |     1 |       |     1 |       |     1 ||     3
         Betrayed ally     |       |       |       |       |     1 |       |       |       |       ||     1
         Held in net/web   |       |       |       |       |       |       |       |       |     2 ||     2
 Armour: Skin              |    40 |    48 |    64 |   253 |   331 |   693 |   633 |   541 |   358 ||  2961
  Dodge: Dodged            |   123 |   116 |   186 |   269 |  1416 |  3473 |  3455 |  2992 |  2420 || 14450
   Form: Flux              |       |       |     1 |       |       |       |       |       |       ||     1
         Dragon            |       |       |       |     1 |       |       |       |       |       ||     1
         Statue            |       |       |       |       |     1 |       |       |       |       ||     1

Table legend: (Time is in decaauts)
 A = Elapsed time spent in this place.
 B = Non-inter-level travel time spent in this place.
 C = Inter-level travel time spent in this place.
 D = Time resting spent in this place.
 E = Time spent auto-exploring this place.
 F = Levels seen in this place.
 G = Mean time per level.
                   A        B        C        D        E       F      G
               +--------+--------+--------+--------+--------+-----+--------+
         Total |  67256 |  60408 |   6848 |   3211 |  40548 |  51 | 1318.7 |
       Dungeon |  13873 |  11681 |   2192 |    780 |   7215 |  15 |  924.9 |
          Lair |   7301 |   6336 |    965 |    242 |   4238 |   5 | 1460.2 |
         Swamp |   4402 |   4192 |    210 |     76 |   3111 |   4 | 1100.5 |
     Snake Pit |   6618 |   6261 |    357 |    172 |   4503 |   4 | 1654.5 |
  Orcish Mines |   2129 |   1948 |    181 |    165 |   1198 |   2 | 1064.5 |
   Elven Halls |   5210 |   4855 |    355 |   1038 |   2748 |   3 | 1736.7 |
        Vaults |   9665 |   8762 |    903 |    231 |   6019 |   5 | 1933.0 |
         Crypt |   4829 |   4448 |    381 |    126 |   2948 |   3 | 1609.7 |
        Depths |   7130 |   6567 |    563 |     70 |   4774 |   4 | 1782.5 |
           Zot |   6056 |   5320 |    736 |    308 |   3790 |   5 | 1211.2 |
        Wizlab |     37 |     37 |      0 |      0 |      0 |   1 |   37.0 |
               +--------+--------+--------+--------+--------+-----+--------+

Top non-repeatable levels by time:
Vaults:1: 2489 daAuts
   Zot:4: 2387 daAuts
   Elf:3: 2363 daAuts
Depths:4: 2352 daAuts
Vaults:5: 2319 daAuts
   Zot:2: 2159 daAuts
  Lair:5: 2100 daAuts
Vaults:4: 2006 daAuts
 Snake:4: 2003 daAuts
  Lair:1: 1849 daAuts
Depths:3: 1817 daAuts
 Snake:1: 1808 daAuts
 Crypt:3: 1725 daAuts
 Snake:2: 1663 daAuts
 Crypt:2: 1591 daAuts

Table legend:
 A = Kills in this place as a percentage of kills in the entire game.
 B = Kills by you in this place as a percentage of kills by you in the entire game.
 C = Kills by friends in this place as a percentage of kills by friends in the entire game.
 D = Other kills in this place as a percentage of other kills in the entire game.
 E = Experience gained in this place as a percentage of experience gained in the entire game.
 F = Experience gained in this place divided by the number of levels of this place that you have seen.
                   A       B       C       D       E      F
               +-------+-------+-------+-------+-------+----------------------
         Total | 100.0 | 100.0 | 100.0 | 100.0 | 100.0 | 25800.2
       Dungeon |  17.3 |  17.7 |   8.0 |  15.4 |   4.8 | 4193.1
          Lair |   9.9 |  10.1 |   5.3 |  11.5 |   5.3 | 13928.4
         Swamp |   5.6 |   5.7 |   2.7 |   7.7 |   4.9 | 16108.2
     Snake Pit |   9.9 |  10.0 |   6.7 |  11.5 |   8.3 | 27199.0
  Orcish Mines |   4.3 |   4.1 |   9.3 |   3.8 |   1.2 | 7849.0
   Elven Halls |   6.2 |   6.4 |   0.0 |   7.7 |   7.4 | 32663.3
        Vaults |  17.6 |  17.4 |  28.0 |   7.7 |  24.6 | 64661.2
         Crypt |  10.3 |   9.7 |  24.0 |  23.1 |   9.7 | 42682.0
        Depths |  11.5 |  11.6 |  10.7 |   3.8 |  17.1 | 56190.0
           Zot |   7.0 |   7.1 |   5.3 |   3.8 |  16.4 | 43195.2
        Wizlab |   0.4 |   0.3 |   0.0 |   3.8 |   0.3 | 4267.0
               +-------+-------+-------+-------+-------+----------------------
